 Dungeon Crawl Stone Soup version 0.30-a0-141-g30f27751c5 (webtiles) character file.

Game seed: 4969669685393005112

388113 qw the Impregnable (level 23, -1/155 HPs)
             Began as a Gargoyle Fighter on Sept 25, 2022.
             Was an Elder of Okawaru.
             Slain by Vv (13 damage)
             ... on level 4 of the Depths.
             The game lasted 00:22:43 (51199 turns).

qw the Impregnable (Gargoyle Fighter)              Turns: 51199, Time: 00:22:44

Health: -1/155     AC: 62    Str: 40    XL:     23   Next: 4%
Magic:  27/30      EV: 21    Int:  9    God:    Okawaru [****..]
Gold:   1681       SH: 30    Dex: 19    Spells: 22/22 levels left

rFire   + + .      SeeInvis +    b - +3 broad axe "Sientan" {flame, rF+ rC+ Dex+4}
rCold   + + .      Faith    .    e - +0 tower shield
rNeg    + + .      Spirit   .    n - +0 crystal plate armour
rPois   inf        Reflect  +    A - +0 helmet
rElec   +          Harm     .    m - +2 cloak
rCorr   +          Rampage  .    r - +1 pair of gloves {Dex+3}
Will    +++..                    t - +2 pair of boots
Stlth   ..........               G - amulet "Sunnuka" {Reflect Str+4 SH+5}
HPRegen 0.35/turn                j - ring of Efanto {rN+ Will++ SInv}
MPRegen 0.22/turn                x - ring of the Cicada {rPois EV+4 Str+5 Dex+3}

@: about to teleport, resistant, heroic, finesse-ful, frozen, flying, very slow
A: sickness immunity, AC +17, big wings, negative energy resistance 1,
electricity resistance, torment resistance 1, petrification resistance
}: 2/15 runes: decaying, gossamer
a: Renounce Religion, Heroism, Finesse


You were on level 4 of the Depths.
You worshipped Okawaru.
Okawaru was greatly pleased with you.
You visited 8 branches of the dungeon, and saw 39 of its levels.
You also visited: Desolation.

You collected 4232 gold pieces.
You spent 2551 gold pieces at shops.


Innate Abilities, Weirdness & Mutations

You are immune to sickness and miasma.
Your stone body is resilient. (AC +17)
You are immune to poison.
Your large and strong wings let you fly.
You resist negative energy. (rN+)
You are resistant to electric shocks. (rElec)
You are resistant to unholy torment.
You are immune to petrification.


   Skills:
 - Level 19.0(24.0) Fighting
 - Level 18.0(23.0) Axes
 - Level 10.9(15.9) Throwing
 + Level 21.2(26.2) Armour
 - Level 10.0(15.0) Dodging
 - Level 20.2(25.2) Shields
 - Level 10.1 Invocations


You had 22 spell levels left.
You didn't know any spells.
Your spell library was empty.

Inventory:

Hand Weapons
 b - the +3 broad axe "Sientan" (weapon) {flame, rF+ rC+ Dex+4}
   (You acquired it on level 3 of the Dungeon)

   It burns those it strikes, dealing additional fire damage.
   Big, fiery blades are also staple armaments of hydra-hunters.
   Dex:       It affects your dexterity (+4).
   rF:        It protects you from fire.
   rC:        It protects you from cold.
 c - the +6 war axe of Tenacity {pain, rC+ Str+2}
   (Okawaru gifted it to you on level 3 of the Lair of Beasts)

   In the hands of one skilled in necromantic magic, it inflicts extra damage on
   living creatures.
   Str:       It affects your strength (+2).
   rC:        It protects you from cold.
Missiles
 l - 5 boomerangs
 F - 3 javelins (quivered)
Armour
 e - a +0 tower shield (worn)
 m - a +2 cloak (worn)
 n - a +0 crystal plate armour (worn)
 r - a +1 pair of gloves of dexterity (worn)
 t - a +2 pair of boots (worn)
 z - +0 gold dragon scales
 A - a +0 helmet (worn)
 D - a +2 plate armour of fire resistance
 H - the +15 Maxwell's patent armour {-Cast -Tele rElec Will+ rCorr}
   (You found it in the Desolation of Salt)

   rElec:     It insulates you from electricity.
   -Cast:     It prevents spellcasting.
   -Tele:     It prevents most forms of teleportation.
   rCorr:     It protects you from acid and corrosion.
   Will:      It increases your willpower.
 I - a +3 plate armour of cold resistance
Jewellery
 j - the ring of Efanto (left hand) {rN+ Will++ SInv}
   (You took it off an efreet on level 10 of the Dungeon)

   [ring of positive energy]

   rN:        It protects you from negative energy.
   SInv:      It lets you see invisible.
   Will:      It greatly increases your willpower.
 k - the ring of Misuamn {rC+ Int+4}
   (You found it on level 10 of the Dungeon)

   [ring of protection from cold]

   Int:       It affects your intelligence (+4).
   rC:        It protects you from cold.
 o - a +6 ring of strength
 v - the ring "Logobb" {rPois rF+ Str+2}
   (You took it off an efreet on level 10 of the Dungeon)

   [ring of poison resistance]

   Str:       It affects your strength (+2).
   rF:        It protects you from fire.
   rPois:     It protects you from poison.
 x - the ring of the Cicada (right hand) {rPois EV+4 Str+5 Dex+3}
   (You took it off an ogre mage on level 10 of the Dungeon)

   [ring of evasion]

   EV:        It affects your evasion (+4).
   Str:       It affects your strength (+5).
   Dex:       It affects your dexterity (+3).
   rPois:     It protects you from poison.
 G - the amulet "Sunnuka" (around neck) {Reflect Str+4 SH+5}
   (You found it in the Desolation of Salt)

   [amulet of reflection]

   It reflects blocked missile attacks.
   Str:       It affects your strength (+4).
   SH:        It affects your SH (+5).
Scrolls
 f - 8 scrolls of enchant weapon
 p - 30 scrolls of identify
 y - 6 scrolls of teleportation
 J - a scroll of brand weapon
Potions
 a - 11 potions of attraction
 d - 2 potions of might
 g - 11 potions of heal wounds
 h - 6 potions of curing
 i - 5 potions of mutation
 q - 6 potions of lignification
 s - 3 potions of cancellation
 u - 8 potions of haste
 w - a potion of magic
 E - a potion of resistance

Dungeon Overview and Level Annotations

Branches:
Dungeon (15/15)            Temple (1/1) D:7            Lair (5/5) D:10
  Swamp (4/4) Lair:2       Spider (4/4) Lair:2        Slime (0/5) Lair:5
    Orc (2/2) D:12            Elf (0/3) Orc:2        Vaults (4/5) D:14
  Crypt (0/3) Vaults:2     Depths (4/4) D:15            Zot (0/5) Depths:4
Desolation (visited)

Altars:
Ashenzari
Cheibriados
Dithmenos
Elyvilon
Fedhas
Gozag
Hepliaklqana
Kikubaaqudgha
Makhleb
Nemelex Xobeh
Okawaru
Qazlal
Ru
Sif Muna
Trog
Uskayaw
Vehumet
Wu Jian
Xom
Yredelemnul
Zin
The Shining One

Shops:
D:4 !   Orc:2 :*:   Depths:3 *   Depths:4 *

Portals:
Hell: Depths:1 Depths:2 Depths:3
Abyss: Depths:1 Depths:3
Pandemonium: Depths:2 Depths:4
Ziggurat: Depths:3
Trove: Depths:3 (give +4 fire dragon scales)

Annotations:
Lair:2 2 transporters
Spider:2 3 runed translucent doors, qw's ghost, adept GrFi
Orc:2 1 runed translucent door
Depths:3 5 transporters
Depths:4 Vv


Message History

Vv is severely damaged.
You slash the deep troll! You burn the deep troll.
Vv calls freezing cold from the walls.
The frost grips you but does no damage.
You are encased in ice.
You slash Vv!
Vv is severely damaged.
You closely miss the deep troll.
The deep troll bites you but does no damage.
You block the deep troll's attack. The deep troll misses you.
You hit Vv but do no damage.
Vv is severely damaged.
You slash the deep troll! You burn the deep troll.
You kill the deep troll!
Okawaru accepts your kill.
You slash Vv! You burn Vv.
Vv is severely damaged.
Vv hits you but does no damage. Vv completely misses you.
You barely miss Vv.
Vv is severely damaged.
You slice Vv!! You burn Vv.
Vv is almost destroyed.
Vv calls freezing cold from the walls.
The frost grips you!! You partially resist.
You hit Vv but do no damage.
Vv is almost destroyed.
The ice encasing you melts away.
You slash Vv! You burn Vv.
Vv is almost destroyed.
You slice Vv!! You burn Vv.
Vv is almost destroyed.
Vv calls freezing cold from the walls.
The frost grips you!! You partially resist.
You are encased in ice.
51199 ||| READING 7 scrolls of teleportation.
As you read the scroll of teleportation, it crumbles to dust.
You feel strangely unstable. Vv hits you but does no damage. Vv hits you!
You are engulfed in flames!
You resist.
You die...

.......#
#.....)###############
.......)..............
....~¤.#######.#####.. .
##...~.# #.# .. ~#...~.#
#.# ... ~#.¤¤~.### #.#
....
.#¤~~~...#####.#####.....
.#¤¤.~.........9@.......~
.#.......~~~~#.##%~~.....
....)..#~~~~~~.#~~~~.....
.......##~~~~#.u~~~~~~~##
.......###~~##.u~~~~~~~~#
.......# ### #u~~~~~~~~##
.......# 9.#~~~~~~##
.......# .#(##TTT~##
)####### .~.. .C....


You could see Vv, 2 deep trolls and a deep troll shaman.

Vanquished Creatures
  Sojobo (Depths:2)
  Xtahua (Vaults:2)
  Frederick (Vaults:2)
  3 caustic shrikes (Depths:4)
  3 golden dragons
  Jorgrun (Swamp:2)
  Asterion (Depths:1)
  A lich (Depths:2)
  3 sphinxes
  3 thorn hunters
  A shadow dragon (Depths:4)
  A draconian knight (Depths:4)
  3 tengu reavers (Depths:2)
  Roxanne (Swamp:1)
  Kirke (D:15)
  Donald (Swamp:1)
  5 emperor scorpions (Spider:4)
  4 fenstrider witches (Swamp:4)
  7 fire giants
  11 vault wardens
  2 imperial myrmidons (Desolation)
  6 ghost moths (Spider:4)
  Louise (D:14)
  A draconian scorcher (Depths:4)
  2 iron dragons
  7 frost giants
  2 orc warlords (Vaults:4)
  21 ironbound preservers
  A reaper (Swamp:4)
  3 ironbound thunderhulks
  15 stone giants
  3 broodmothers (Spider:4)
  3 vampire knights
  24 slime creatures
  21 very ugly things
  2 eleionomae
  A yellow draconian (Depths:4)
  Nessos (D:14)
  A white draconian (Depths:4)
  2 black draconians (Depths:4)
  7 bunyips
  A bunyip (shapeshifter) (Depths:3)
  6 spark wasps
  12 dire elephants
  A halazid warlock (Desolation)
  7 ettins
  A green death (Depths:2)
  2 crystal guardians (Desolation)
  A merfolk impaler (Depths:4)
  11 ragged hierophants (Desolation)
  7 fire dragons
  3 great orbs of eyes
  Fannar (Lair:1)
  8 entropy weavers
  6 yaktaur captains
  2 ice dragons (Depths:4)
  9 peacekeepers
  12 ironbound frosthearts
  6 rakshasas
  7 vault guards
  5 servants of whispers (Desolation)
  14 hydras
  2 catoblepae (Lair:5)
  A ghost crab (Swamp:4)
  14 centaur warriors
  7 spriggan air magi
  2 radroaches
  2 ogre magi
  7 two-headed ogres
  Erica (Lair:1)
  11 boulder beetles
  7 alligators
  3 deep troll earth magi
  9 tengu warriors
  A vampire mage (Depths:1)
  6 deep troll shamans
  4 orc high priests (Orc:2)
  Urug (Lair:3)
  A hell knight (Depths:2)
  3 death yaks (Lair:5)
  6 spriggan berserkers
  A soul eater (Depths:2)
  Amaemon (Lair:3)
  Sonja (Orc:2)
  2 sixfirhies (Swamp:4)
  4 sun moths
  A storm dragon skeleton (Vaults:3)
  2 swamp dragons
  5 goliath frogs
  4 pharaoh ants
  A flayed ghost (Depths:2)
  2 glowing orange brains
  73 deep trolls
  6 orb spiders
  5 iron trolls (Depths:2)
  4 steelbarb worms
  3 bog bodies
  A glowing orange brain (shapeshifter) (D:12)
  15 ironbound convokers
  10 wizards
  8 orc knights
  2 necromancers
  A harpy (shapeshifter) (D:14)
  7 spriggan druids
  A tengu zombie (Vaults:3)
  5 lindwurms
  Pikel (D:6)
  7 deep elf pyromancers
  6 harpies (Vaults:2)
  A lindwurm (shapeshifter) (Depths:2)
  A shining eye (shapeshifter) (Vaults:3)
  3 phantasmal warriors
  9 will-o-the-wisps
  45 ugly things
  5 orc sorcerers
  3 cyclopes
  4 manticores
  17 wolf spiders
  5 moths of wrath
  2 oklob plants (Lair:4)
  18 elephants
  3 guardian serpents (Desolation)
  A rust devil (Depths:2)
  5 black mambas
  12 vault sentinels
  3 orange demons
  A molten gargoyle (Desolation)
  4 gargoyles
  Joseph (Lair:1)
  2 kobold demonologists (D:10)
  6 torpor snails
  4 unseen horror zombies (D:9)
  3 rime drakes
  13 cane toads
  2 freezing wraiths
  4 demonic crawlers
  2 efreet (D:10)
  3 tengu conjurers
  A hellwing (Depths:2)
  3 komodo dragons
  27 yaktaurs
  A guardian mummy (Depths:3)
  3 trolls
  A meliai (shapeshifter) (D:14)
  13 hornets
  A bloated husk (Swamp:3)
  6 meliai
  8 tyrant leeches
  42 tarantellas
  54 saltlings (Desolation)
  A slime creature (shapeshifter) (Depths:2)
  8 blink frogs
  2 dream sheep (Lair:5)
  26 jumping spiders
  7 spriggans
  A ynoxinul (Depths:2)
  A vampire (D:12)
  5 wyverns
  10 wraiths
  35 yaks
  A yak (shapeshifter) (D:14)
  26 culicivoras
  3 water elementals
  A golden eye (shapeshifter) (D:15)
  4 humans (D:15)
  3 chaos spawn (Swamp:4)
  12 basilisks
  2 steam dragons
  69 redbacks
  A neqoxec (Swamp:4)
  23 vampire mosquitoes
  5 wargs (Orc:1)
  4 acid dragons
  7 water moccasins
  A floating eye (Depths:4)
  16 swamp worms
  21 orc warriors
  Duvessa (D:6)
  2 black bears
  An ice beast (D:5)
  4 ogres
  11 wolves
  7 boggarts
  10 centaurs
  3 lemures (D:6)
  A phantom (D:6)
  A kobold brigand (D:7)
  2 necrophages (D:6)
  4 bullfrogs
  2 gnoll sergeants
  A scorpion (D:4)
  A human skeleton (Vaults:3)
  An ogre simulacrum (Vaults:3)
  A wyvern zombie (D:9)
  16 wights
  Dowan (D:6)
  16 killer bees
  A howler monkey (D:9)
  3 hounds
  4 centaur zombies (D:9)
  5 jellies
  27 orc priests
  2 iguanas
  7 hell rats (Lair:3)
  30 orc wizards
  A killer bee zombie (D:9)
  A mummy (D:4)
  3 howler monkey zombies (D:9)
  11 gnolls
  10 adders
  3 shadow imps
  A white imp (D:6)
  A worm (D:4)
  2 dart slugs
  58 orcs
  4 bats
  8 endoplasms
  5 giant cockroaches
  6 goblins
  6 hobgoblins
  3 quokkas
  10 ball pythons
  A frilled lizard (D:3)
  9 kobolds
  8 rats
  4 briar patches (Swamp:4)
  A fire vortex (Lair:5)
1526 creatures vanquished.

Vanquished Creatures (others)
  2 bloated husks
  2 saltlings (Desolation)
  A boggart (Vaults:2)
  A briar patch (Swamp:4)
  8 foxfires
  17 fungi
  54 plants
  2 withered plants (D:9)
87 creatures vanquished.

Grand Total: 1613 creatures vanquished

Notes
Turn   | Place    | Note
-------+----------+-------------------------------------------
     0 | D:1      | qw the Gargoyle Fighter began the quest for the Orb.
     0 | D:1      | Reached XP level 1. HP: 14/14 MP: 1/1
     0 | D:1      | 0 ||| qw: Version: 0.2-a-10-g399e6c4
     0 | D:1      | 0 ||| qw: Game counter: 211
     0 | D:1      | 0 ||| qw: Always use a shield: true
     0 | D:1      | 0 ||| qw: God list: Okawaru
     0 | D:1      | 0 ||| qw: Allow faded altars: false
     0 | D:1      | 0 ||| qw: Do Orc after D:15 true
     0 | D:1      | 0 ||| qw: Do second Lair branch before Depths: true
     0 | D:1      | 0 ||| qw: Lair rune preference: random
     0 | D:1      | 0 ||| qw: Plans: Normal, Zot:1-4, God:TSO, Crypt, Tomb,
                  | Pan, Slime:5, Hells, Abyss, Orb
     0 | D:1      | 0 ||| PLANNING D:1-11
    96 | D:1      | 96 ||| Stepping ~*~*~tactically~*~*~ (stealth).
   301 | D:1      | Reached XP level 2. HP: 19/19 MP: 2/2
  1009 | D:1      | 1009 ||| UPGRADING to +0 pair of gloves.
  1014 | D:1      | 1014 ||| READING 2 scrolls labelled TAMEH KOENE.
  1015 | D:1      | 1015 ||| READING scroll labelled QIPRAA EBISHAUMPO.
  1016 | D:1      | 1016 ||| READING scroll labelled TOMOCO JYOTZ.
  1066 | D:1      | 1066 ||| READING 2 scrolls labelled POMIAD OHIYMOIKK.
  1067 | D:1      | 1067 ||| READING scroll labelled HAIWNAM OF ORIRCH.
  1068 | D:1      | 1068 ||| READING scroll labelled GOZAFA EXORCHE.
  1069 | D:1      | 1069 ||| DRINKING 3 coppery potions.
  1070 | D:1      | 1070 ||| DROPPING scroll of immolation.
  1071 | D:1      | 1071 ||| DROPPING scroll of poison.
  1098 | D:2      | Reached skill level 3 in Axes
  1102 | D:2      | Reached XP level 3. HP: 13/23 MP: 3/3
  1272 | D:2      | 1272 ||| Stepping ~*~*~tactically~*~*~ (hiding).
  1273 | D:2      | 1273 ||| Stepping ~*~*~tactically~*~*~ (hiding).
  1302 | D:2      | 1302 ||| Stepping ~*~*~tactically~*~*~ (stealth).
  1357 | D:2      | Identified the +2 ring mail of Haniusch {+Blink Int+5}
  1618 | D:2      | 1618 ||| Stepping ~*~*~tactically~*~*~ (stealth).
  1723 | D:2      | 1723 ||| READING 3 scrolls of enchant armour.
  1723 | D:2      | 1723 ||| ENCHANTING +0 pair of gloves.
  1724 | D:2      | 1724 ||| READING 2 scrolls of enchant armour.
  1724 | D:2      | 1724 ||| ENCHANTING +1 pair of gloves.
  1797 | D:2      | 1797 ||| DROPPING +0 club.
  1877 | D:2      | 1877 ||| SWAPPING to +4 war axe of venom.
  1878 | D:2      | 1878 ||| DROPPING +0 war axe.
  2470 | D:2      | 2470 ||| DROPPING +2 ring mail of Haniusch {+Blink Int+5}.
  2471 | D:2      | 2471 ||| UPGRADING to +0 cloak.
  2476 | D:2      | 2476 ||| READING scroll of enchant armour.
  2476 | D:2      | 2476 ||| ENCHANTING +0 cloak.
  2477 | D:2      | 2477 ||| DROPPING amulet of magic regeneration.
  2478 | D:2      | 2478 ||| UPGRADING to ring of protection from fire.
  2479 | D:2      | 2479 ||| READING 2 scrolls labelled DEROANITHRA.
  2623 | D:3      | Reached XP level 4. HP: 25/28 MP: 4/4
  2629 | D:3      | 2629 ||| Stepping ~*~*~tactically~*~*~ (stealth).
  2743 | D:3      | 2743 ||| DROPPING +0 whip.
  2754 | D:3      | 2754 ||| Stepping ~*~*~tactically~*~*~ (stealth).
  2762 | D:3      | 2762 ||| Stepping ~*~*~tactically~*~*~ (stealth).
  2763 | D:3      | 2763 ||| Stepping ~*~*~tactically~*~*~ (stealth).
  3046 | D:3      | 3046 ||| UPGRADING to +3 scale mail.
  3056 | D:3      | 3056 ||| DROPPING +0 scale mail.
  3057 | D:3      | 3057 ||| READING scroll labelled CIRUSIQUICW.
  3057 | D:3      | Identified a scroll of acquirement
  3057 | D:3      | 3057 ||| ACQUIRING +3 broad axe "Sientan" {flame, rF+ rC+
                  | Dex+4}
  3057 | D:3      | Acquired the +3 broad axe "Sientan" {flame, rF+ rC+ Dex+4}
  3059 | D:3      | 3059 ||| SWAPPING to +3 broad axe "Sientan" {flame, rF+ rC+
                  | Dex+4}.
  3060 | D:3      | 3060 ||| DROPPING +0 flail.
  3061 | D:3      | 3061 ||| DROPPING +4 war axe of venom.
  3062 | D:3      | 3062 ||| DRINKING 2 bubbling clear potions.
  3063 | D:3      | 3063 ||| READING 3 scrolls of identify.
  3063 | D:3      | 3063 ||| IDENTIFYING bubbling brown potion
  3064 | D:3      | 3064 ||| READING 2 scrolls of identify.
  3064 | D:3      | 3064 ||| IDENTIFYING brown potion
  3065 | D:3      | 3065 ||| DROPPING potion of brilliance.
  3087 | D:4      | 3087 ||| PLANNING OSSUARY
  3121 | D:4      | Noticed a steam dragon
  3122 | D:4      | 3122 ||| Stepping ~*~*~tactically~*~*~ (hiding).
  3128 | D:4      | Killed a steam dragon
  3129 | D:4      | Reached XP level 5. HP: 31/32 MP: 5/5
  3191 | D:4      | Reached XP level 6. HP: 37/37 MP: 6/6
  3456 | D:4      | 3456 ||| Stepping ~*~*~tactically~*~*~ (stealth).
  3468 | D:4      | 3468 ||| Stepping ~*~*~tactically~*~*~ (stealth).
  3580 | D:4      | Found Emoxt's Distillery.
  3587 | D:4      | 3587 ||| BUYING 2 potions of heal wounds (140 gold).
  3587 | D:4      | Bought 2 potions of heal wounds for 140 gold pieces
  3587 | D:4      | 3587 ||| BUYING potion of attraction (42 gold).
  3587 | D:4      | Bought a potion of attraction for 42 gold pieces
  3587 | D:4      | 3587 ||| SHOPLISTING potion of curing (42 gold, have 41).
  3587 | D:4      | 3587 ||| SHOPLISTING potion of might (56 gold, have 41).
  3814 | D:4      | Found a sand-covered staircase.
  3816 | D:4      | 3816 ||| FLEEEEING.
  3817 | D:4      | 3817 ||| FLEEEEING.
  3819 | D:4      | 3819 ||| FLEEEEING.
  3820 | D:4      | 3820 ||| FLEEEEING.
  3821 | D:4      | 3821 ||| FLEEEEING.
  3822 | D:4      | 3822 ||| FLEEEEING.
  3823 | D:4      | 3823 ||| FLEEEEING.
  3824 | D:4      | 3824 ||| FLEEEEING.
  3825 | D:4      | 3825 ||| FLEEEEING.
  3829 | D:4      | 3829 ||| FLEEEEING.
  3830 | D:4      | 3830 ||| FLEEEEING.
  3834 | D:4      | 3834 ||| STAIRDANCE
  3837 | D:4      | 3837 ||| RIP OSSUARY
  3839 | D:4      | 3839 ||| PLANNING D:1-11
  4001 | D:5      | Entered Level 5 of the Dungeon
  4132 | D:5      | Noticed an ice beast
  4140 | D:5      | Killed an ice beast
  4141 | D:5      | Reached XP level 7. HP: 43/43 MP: 7/7
  4421 | D:5      | Reached skill level 6 in Axes
  4704 | D:5      | Reached XP level 8. HP: 43/48 MP: 8/8
  4902 | D:5      | 4902 ||| UPGRADING to +6 ring of strength.
  4903 | D:5      | 4903 ||| READING 2 scrolls labelled SON GOBLICS.
  4904 | D:5      | 4904 ||| READING scroll labelled LENUQE QYCZAG.
  4905 | D:5      | 4905 ||| READING 2 scrolls labelled YRA XIHYTUBOWK.
  4906 | D:5      | 4906 ||| DRINKING 2 lumpy coppery potions.
  4907 | D:5      | 4907 ||| DROPPING potion of flight.
  4908 | D:5      | 4908 ||| DROPPING scroll of blinking.
  4909 | D:5      | 4909 ||| DROPPING scroll of vulnerability.
  4932 | D:6      | 4932 ||| Stepping ~*~*~tactically~*~*~ (hiding).
  4934 | D:6      | 4934 ||| Stepping ~*~*~tactically~*~*~ (hiding).
  5144 | D:6      | Noticed Pikel
  5144 | D:6      | 5144 ||| Stepping ~*~*~tactically~*~*~ (stealth).
  5200 | D:6      | 5200 ||| FLEEEEING.
  5201 | D:6      | 5201 ||| FLEEEEING.
  5202 | D:6      | 5202 ||| FLEEEEING.
  5212 | D:6      | Killed Pikel
  5291 | D:6      | Reached skill level 6 in Fighting
  5291 | D:6      | Reached XP level 9. HP: 52/55 MP: 9/9
  5436 | D:6      | Reached skill level 9 in Axes
  5458 | D:6      | Noticed Duvessa
  5459 | D:6      | Noticed Dowan
  5464 | D:6      | Killed Duvessa
  5470 | D:6      | Killed Dowan
  5737 | D:6      | 5737 ||| UPGRADING to +0 chain mail.
  5747 | D:6      | 5747 ||| DROPPING +3 scale mail.
  5748 | D:6      | 5748 ||| READING 2 scrolls of identify.
  5748 | D:6      | 5748 ||| IDENTIFYING fuming coppery potion
  5749 | D:6      | 5749 ||| DROPPING potion of degeneration.
  5793 | D:7      | 5793 ||| Stepping ~*~*~tactically~*~*~ (stealth).
  5838 | D:7      | 5838 ||| Stepping ~*~*~tactically~*~*~ (stealth).
  5842 | D:7      | 5842 ||| Stepping ~*~*~tactically~*~*~ (stealth).
  5846 | D:7      | Reached skill level 1 in Throwing
  5875 | D:7      | Reached skill level 4 in Armour
  5947 | D:7      | 5947 ||| FLEEEEING.
  5948 | D:7      | 5948 ||| Stepping ~*~*~tactically~*~*~ (hiding).
  6308 | D:7      | Found a staircase to the Ecumenical Temple.
  6309 | D:7      | 6309 ||| PLANNING TEMPLE
  6309 | D:7      | 6309 ||| READING 2 scrolls of identify.
  6309 | D:7      | 6309 ||| IDENTIFYING fuming clear potion
  6310 | D:7      | 6310 ||| DROPPING potion of magic.
  6317 | Temple   | Entered the Ecumenical Temple
  6406 | Temple   | 6406 ||| PLANNING OKAWARU WORSHIP
  6517 | Temple   | Became a worshipper of Warmaster Okawaru
  6518 | Temple   | 6518 ||| PLANNING D:1-11
  6656 | D:7      | Reached skill level 5 in Armour
  7452 | D:8      | 7452 ||| Stepping ~*~*~tactically~*~*~ (stealth).
  7454 | D:8      | 7454 ||| Stepping ~*~*~tactically~*~*~ (hiding).
  7455 | D:8      | 7455 ||| Stepping ~*~*~tactically~*~*~ (hiding).
  7456 | D:8      | 7456 ||| Stepping ~*~*~tactically~*~*~ (hiding).
  7457 | D:8      | 7457 ||| Stepping ~*~*~tactically~*~*~ (hiding).
  7462 | D:8      | 7462 ||| Stepping ~*~*~tactically~*~*~ (stealth).
  7464 | D:8      | 7464 ||| Stepping ~*~*~tactically~*~*~ (stealth).
  7536 | D:8      | Reached XP level 10. HP: 58/64 MP: 10/10
  7708 | D:8      | 7708 ||| Stepping ~*~*~tactically~*~*~ (hiding).
  7716 | D:8      | Reached * piety under Okawaru
  7825 | D:8      | 7825 ||| Stepping ~*~*~tactically~*~*~ (hiding).
  7828 | D:8      | 7828 ||| Stepping ~*~*~tactically~*~*~ (hiding).
  7844 | D:8      | 7844 ||| INVOKING Heroism.
  7846 | D:8      | Reached skill level 1 in Invocations
  7995 | D:8      | 7995 ||| Stepping ~*~*~tactically~*~*~ (hiding).
  7996 | D:8      | 7996 ||| Stepping ~*~*~tactically~*~*~ (hiding).
  8740 | D:8      | 8740 ||| UPGRADING to +0 plate armour.
  8750 | D:8      | 8750 ||| DROPPING +0 chain mail.
  8751 | D:8      | 8751 ||| UPGRADING to +0 pair of boots.
  8756 | D:8      | 8756 ||| DROPPING ring of magical power.
  8757 | D:8      | 8757 ||| DRINKING 2 puce potions.
  8858 | D:8      | 8858 ||| DRINKING 2 fuming blue potions.
  8859 | D:8      | 8859 ||| READING 2 scrolls of identify.
  8859 | D:8      | 8859 ||| IDENTIFYING smoky red potion
  8860 | D:8      | 8860 ||| DROPPING potion of ambrosia.
  8929 | D:9      | 8929 ||| Stepping ~*~*~tactically~*~*~ (hiding).
  8930 | D:9      | 8930 ||| Stepping ~*~*~tactically~*~*~ (hiding).
  8937 | D:9      | 8937 ||| Stepping ~*~*~tactically~*~*~ (stealth).
  8992 | D:9      | 8992 ||| Stepping ~*~*~tactically~*~*~ (stealth).
  9006 | D:9      | 9006 ||| Stepping ~*~*~tactically~*~*~ (stealth).
  9050 | D:9      | Reached skill level 3 in Invocations
  9107 | D:9      | 9107 ||| Stepping ~*~*~tactically~*~*~ (hiding).
  9112 | D:9      | 9112 ||| INVOKING Heroism.
  9134 | D:9      | 9134 ||| READING scroll of enchant armour.
  9134 | D:9      | 9134 ||| ENCHANTING +0 pair of boots.
  9152 | D:9      | Reached ** piety under Okawaru
  9153 | D:9      | Reached skill level 6 in Armour
  9196 | D:9      | 9196 ||| INVOKING Heroism.
  9236 | D:9      | 9236 ||| READING scroll of enchant armour.
  9236 | D:9      | 9236 ||| ENCHANTING +1 pair of boots.
  9287 | D:9      | 9287 ||| Stepping ~*~*~tactically~*~*~ (stealth).
  9289 | D:9      | 9289 ||| INVOKING Heroism.
  9595 | D:9      | 9595 ||| Stepping ~*~*~tactically~*~*~ (hiding).
  9596 | D:9      | Noticed a two-headed ogre
  9596 | D:9      | 9596 ||| INVOKING Heroism.
  9602 | D:9      | Reached skill level 7 in Armour
  9612 | D:9      | Killed a two-headed ogre
  9612 | D:9      | Reached *** piety under Okawaru
  9746 | D:9      | 9746 ||| INVOKING Heroism.
  9750 | D:9      | Reached XP level 11. HP: 60/68 MP: 11/14
  9885 | D:9      | 9885 ||| INVOKING Heroism.
  9887 | D:9      | Reached skill level 8 in Armour
 10246 | D:9      | 10246 ||| UPGRADING to +6 ring of dexterity.
 10248 | D:9      | 10248 ||| READING scroll labelled CUIJUEFFIB.
 10249 | D:9      | 10249 ||| READING scroll labelled KUGE ZIHYIFAPUDOU.
 10387 | D:10     | Entered Level 10 of the Dungeon
 10396 | D:10     | Reached skill level 3 in Dodging
 10435 | D:10     | 10435 ||| Stepping ~*~*~tactically~*~*~ (stealth).
 10437 | D:10     | 10437 ||| INVOKING Heroism.
 10442 | D:10     | Reached **** piety under Okawaru
 10443 | D:10     | Reached skill level 9 in Fighting
 10443 | D:10     | 10443 ||| Stepping ~*~*~tactically~*~*~ (hiding).
 10453 | D:10     | 10453 ||| INVOKING Heroism.
 10471 | D:10     | Identified the ring of the Cicada {rPois EV+4 Str+5 Dex+3}
 10471 | D:10     | Noticed an ogre mage
 10472 | D:10     | Noticed a two-headed ogre
 10479 | D:10     | 10479 ||| INVOKING Heroism.
 10480 | D:10     | Killed an ogre mage
 10484 | D:10     | Killed a two-headed ogre
 10488 | D:10     | HP: 15/71 [wraith (9)]
 10489 | D:10     | 10489 ||| DRINKING 4 potions of heal wounds.
 10492 | D:10     | Noticed a boulder beetle
 10496 | D:10     | Killed a boulder beetle
 10496 | D:10     | Reached ***** piety under Okawaru
 10497 | D:10     | Reached skill level 6 in Invocations
 10497 | D:10     | Noticed a boulder beetle
 10498 | D:10     | 10498 ||| INVOKING Finesse.
 10506 | D:10     | 10506 ||| INVOKING Heroism.
 10515 | D:10     | Killed a boulder beetle
 10573 | D:10     | Identified the ring "Logobb" {rPois rF+ Str+2}
 10578 | D:10     | Noticed a manticore
 10579 | D:10     | 10579 ||| INVOKING Heroism.
 10580 | D:10     | Killed a manticore
 10599 | D:10     | Received a gift from Okawaru
 10696 | D:10     | Identified the ring of Efanto {rN+ Will++ SInv}
 10698 | D:10     | Noticed a boulder beetle
 10699 | D:10     | 10699 ||| INVOKING Heroism.
 10700 | D:10     | 10700 ||| INVOKING Finesse.
 10703 | D:10     | Reached skill level 12 in Axes
 10715 | D:10     | Killed a boulder beetle
 10829 | D:10     | 10829 ||| FLEEEEING.
 10830 | D:10     | 10830 ||| FLEEEEING.
 10831 | D:10     | 10831 ||| FLEEEEING.
 10832 | D:10     | 10832 ||| FLEEEEING.
 10833 | D:10     | 10833 ||| FLEEEEING.
 10834 | D:10     | 10834 ||| FLEEEEING.
 10840 | D:10     | 10840 ||| STAIRDANCE
 10897 | D:9      | 10897 ||| UPGRADING to ring of Efanto {rN+ Will++ SInv}.
 10899 | D:9      | 10899 ||| DROPPING ring of protection from fire.
 10900 | D:9      | 10900 ||| UPGRADING to ring of the Cicada {rPois EV+4 Str+5
                  | Dex+3}.
 10902 | D:9      | 10902 ||| DROPPING +6 ring of dexterity.
 10941 | D:10     | 10941 ||| INVOKING Heroism.
 10988 | D:10     | Found a staircase to the Lair.
 10997 | D:10     | 10997 ||| Stepping ~*~*~tactically~*~*~ (hiding).
 11002 | D:10     | Reached XP level 12. HP: 76/76 MP: 17/17
 11395 | D:10     | Found a glowing silver altar of Zin.
 11437 | D:10     | Identified the ring of Misuamn {rC+ Int+4}
 11513 | D:10     | 11513 ||| PLANNING LAIR
 11513 | D:10     | 11513 ||| DRINKING 2 inky potions.
 11514 | D:10     | 11514 ||| READING 2 scrolls of identify.
 11514 | D:10     | 11514 ||| IDENTIFYING bubbling emerald potion
 11515 | D:10     | 11515 ||| DROPPING potion of berserk rage.
 11536 | Lair:1   | Entered Level 1 of the Lair of Beasts
 11545 | Lair:1   | 11545 ||| Stepping ~*~*~tactically~*~*~ (stealth).
 11549 | Lair:1   | Noticed Erica
 11550 | Lair:1   | 11550 ||| Stepping ~*~*~tactically~*~*~ (hiding).
 11553 | Lair:1   | 11553 ||| INVOKING Heroism.
 11554 | Lair:1   | 11554 ||| INVOKING Finesse.
 11558 | Lair:1   | Reached skill level 6 in Shields
 11562 | Lair:1   | Killed Erica
 11750 | Lair:1   | Identified the +9 great sword "Umeiddad" {vorpal, Fly}
 11944 | Lair:1   | 11944 ||| Stepping ~*~*~tactically~*~*~ (stealth).
 11945 | Lair:1   | 11945 ||| Stepping ~*~*~tactically~*~*~ (stealth).
 11947 | Lair:1   | 11947 ||| Stepping ~*~*~tactically~*~*~ (stealth).
 11949 | Lair:1   | 11949 ||| INVOKING Heroism.
 11949 | Lair:1   | Noticed Joseph
 11958 | Lair:1   | Killed Joseph
 11959 | Lair:1   | Reached skill level 9 in Armour
 11985 | Lair:1   | Noticed Fannar
 11986 | Lair:1   | 11986 ||| Stepping ~*~*~tactically~*~*~ (hiding).
 11986 | Lair:1   | You fall into a shaft and drop 1 floor!
 11995 | Lair:2   | Reached skill level 9 in Invocations
 12034 | Lair:2   | 12034 ||| Stepping ~*~*~tactically~*~*~ (stealth).
 12036 | Lair:2   | 12036 ||| Stepping ~*~*~tactically~*~*~ (stealth).
 12037 | Lair:2   | 12037 ||| Stepping ~*~*~tactically~*~*~ (stealth).
 12052 | Lair:2   | 12052 ||| Stepping ~*~*~tactically~*~*~ (stealth).
 12098 | Lair:2   | 12098 ||| INVOKING Heroism.
 12107 | Lair:2   | Received a gift from Okawaru
 12150 | Lair:2   | Found a staircase to the Swamp.
 12161 | Lair:2   | 12161 ||| INVOKING Heroism.
 12308 | Lair:2   | 12308 ||| Stepping ~*~*~tactically~*~*~ (hiding).
 12342 | Lair:2   | 12342 ||| READING 2 scrolls labelled GOYXOC XAFIEVIUR.
 12343 | Lair:2   | 12343 ||| READING 2 scrolls labelled NAMMEZ GU RIAJANI.
 12355 | Lair:2   | 12355 ||| INVOKING Heroism.
 12465 | Lair:2   | 12465 ||| DROPPING scroll of amnesia.
 12651 | Lair:1   | 12651 ||| Stepping ~*~*~tactically~*~*~ (hiding).
 12663 | Lair:1   | Killed Fannar
 12760 | Lair:1   | Received a gift from Okawaru
 12899 | Lair:1   | 12899 ||| UPGRADING to +2 kite shield of reflection.
 12909 | Lair:1   | 12909 ||| DROPPING +0 buckler.
 12910 | Lair:1   | 12910 ||| READING 3 scrolls of identify.
 12910 | Lair:1   | 12910 ||| IDENTIFYING smoky white potion
 13004 | Lair:2   | Found a transporter.
 13004 | Lair:2   | Found a transporter.
 13004 | Lair:2   | Noticed a boulder beetle
 13004 | Lair:2   | Noticed a boulder beetle
 13346 | Lair:2   | Found a hole to the Spider Nest.
 13606 | Lair:3   | 13606 ||| INVOKING Heroism.
 13608 | Lair:3   | 13608 ||| STAIRDANCE
 13620 | Lair:3   | Noticed a six-headed hydra
 13621 | Lair:3   | 13621 ||| STAIRDANCE
 13662 | Lair:3   | 13662 ||| STAIRDANCE
 13664 | Lair:2   | 13664 ||| INVOKING Heroism.
 13668 | Lair:2   | Reached XP level 13. HP: 51/82 MP: 17/20
 13669 | Lair:2   | Reached skill level 9 in Shields
 13725 | Lair:2   | 13725 ||| FLEEEEING.
 13726 | Lair:2   | 13726 ||| FLEEEEING.
 13727 | Lair:2   | 13727 ||| FLEEEEING.
 13728 | Lair:2   | 13728 ||| FLEEEEING.
 13729 | Lair:2   | 13729 ||| FLEEEEING.
 13732 | Lair:2   | 13732 ||| FLEEEEING.
 13733 | Lair:2   | 13733 ||| FLEEEEING.
 13734 | Lair:2   | 13734 ||| FLEEEEING.
 13736 | Lair:2   | 13736 ||| FLEEEEING.
 13737 | Lair:2   | 13737 ||| FLEEEEING.
 13738 | Lair:2   | 13738 ||| FLEEEEING.
 13739 | Lair:2   | 13739 ||| FLEEEEING.
 13740 | Lair:2   | 13740 ||| FLEEEEING.
 13741 | Lair:2   | 13741 ||| FLEEEEING.
 13742 | Lair:2   | 13742 ||| FLEEEEING.
 13743 | Lair:2   | 13743 ||| FLEEEEING.
 13744 | Lair:2   | 13744 ||| FLEEEEING.
 13745 | Lair:2   | 13745 ||| FLEEEEING.
 13746 | Lair:2   | 13746 ||| FLEEEEING.
 13747 | Lair:2   | 13747 ||| FLEEEEING.
 13748 | Lair:2   | 13748 ||| FLEEEEING.
 13749 | Lair:2   | 13749 ||| FLEEEEING.
 13750 | Lair:2   | 13750 ||| FLEEEEING.
 13751 | Lair:2   | 13751 ||| FLEEEEING.
 13752 | Lair:2   | 13752 ||| FLEEEEING.
 13753 | Lair:2   | 13753 ||| FLEEEEING.
 13754 | Lair:2   | 13754 ||| STAIRDANCE
 13858 | Lair:2   | 13858 ||| STAIRDANCE
 13862 | Lair:2   | 13862 ||| INVOKING Heroism.
 13926 | Lair:3   | 13926 ||| Stepping ~*~*~tactically~*~*~ (hiding).
 13927 | Lair:3   | 13927 ||| Stepping ~*~*~tactically~*~*~ (hiding).
 13930 | Lair:3   | Noticed Amaemon
 13931 | Lair:3   | 13931 ||| INVOKING Heroism.
 13943 | Lair:3   | Killed Amaemon
 13950 | Lair:3   | 13950 ||| Stepping ~*~*~tactically~*~*~ (stealth).
 13951 | Lair:3   | 13951 ||| Stepping ~*~*~tactically~*~*~ (stealth).
 13952 | Lair:3   | 13952 ||| Stepping ~*~*~tactically~*~*~ (stealth).
 13955 | Lair:3   | 13955 ||| Stepping ~*~*~tactically~*~*~ (stealth).
 14105 | Lair:3   | 14105 ||| INVOKING Heroism.
 14192 | Lair:3   | 14192 ||| Stepping ~*~*~tactically~*~*~ (stealth).
 14194 | Lair:3   | 14194 ||| Stepping ~*~*~tactically~*~*~ (hiding).
 14195 | Lair:3   | 14195 ||| INVOKING Heroism.
 14198 | Lair:3   | 14198 ||| Stepping ~*~*~tactically~*~*~ (hiding).
 14410 | Lair:3   | Noticed Urug
 14411 | Lair:3   | 14411 ||| INVOKING Heroism.
 14412 | Lair:3   | 14412 ||| INVOKING Finesse.
 14422 | Lair:3   | Killed Urug
 14422 | Lair:3   | Identified the +6 war axe of Tenacity {pain, rC+ Str+2}
                  | (Okawaru gifted it to you on level 3 of the Lair of Beasts)
 14422 | Lair:3   | Received a gift from Okawaru
 14471 | Lair:3   | 14471 ||| Stepping ~*~*~tactically~*~*~ (stealth).
 14804 | Lair:4   | Found a hide-covered altar of Uskayaw.
 14804 | Lair:4   | Found an ornate altar of the Wu Jian Council.
 14805 | Lair:4   | 14805 ||| INVOKING Heroism.
 14807 | Lair:4   | 14807 ||| INVOKING Finesse.
 14980 | Lair:4   | 14980 ||| INVOKING Heroism.
 15014 | Lair:4   | 15014 ||| Stepping ~*~*~tactically~*~*~ (stealth).
 15019 | Lair:4   | 15019 ||| Stepping ~*~*~tactically~*~*~ (stealth).
 15103 | Lair:4   | 15103 ||| INVOKING Heroism.
 15104 | Lair:4   | 15104 ||| INVOKING Finesse.
 15114 | Lair:4   | Reached skill level 3 in Throwing
 15345 | Lair:4   | 15345 ||| INVOKING Heroism.
 15655 | Lair:4   | 15655 ||| READING scroll labelled XOVENKAPIB.
 15725 | Lair:5   | Entered Level 5 of the Lair of Beasts
 15736 | Lair:5   | 15736 ||| Stepping ~*~*~tactically~*~*~ (hiding).
 15775 | Lair:5   | 15775 ||| Stepping ~*~*~tactically~*~*~ (stealth).
 15850 | Lair:5   | Found a staircase to the Slime Pits.
 15903 | Lair:5   | 15903 ||| INVOKING Heroism.
 15945 | Lair:5   | 15945 ||| Stepping ~*~*~tactically~*~*~ (stealth).
 15947 | Lair:5   | 15947 ||| Stepping ~*~*~tactically~*~*~ (hiding).
 15957 | Lair:5   | 15957 ||| Stepping ~*~*~tactically~*~*~ (stealth).
 15983 | Lair:5   | 15983 ||| Stepping ~*~*~tactically~*~*~ (stealth).
 15986 | Lair:5   | 15986 ||| INVOKING Heroism.
 16011 | Lair:5   | Found a frozen archway.
 16016 | Lair:5   | 16016 ||| INVOKING Finesse.
 16025 | Lair:5   | Reached skill level 10 in Armour
 16060 | Lair:5   | 16060 ||| Stepping ~*~*~tactically~*~*~ (water).
 16067 | Lair:5   | 16067 ||| INVOKING Heroism.
 16073 | Lair:5   | Gained mutation: Your large and strong wings let you fly.
                  | [Gargoyle growth]
 16073 | Lair:5   | Reached XP level 14. HP: 77/88 MP: 18/21
 16080 | Lair:5   | Received a gift from Okawaru
 16227 | Lair:5   | 16227 ||| INVOKING Heroism.
 16228 | Lair:5   | 16228 ||| INVOKING Finesse.
 16234 | Lair:5   | Received a gift from Okawaru
 16235 | Lair:5   | 16235 ||| Stepping ~*~*~tactically~*~*~ (hiding).
 16322 | Lair:5   | 16322 ||| Stepping ~*~*~tactically~*~*~ (stealth).
 16324 | Lair:5   | 16324 ||| INVOKING Heroism.
 16325 | Lair:5   | 16325 ||| Stepping ~*~*~tactically~*~*~ (stealth).
 16330 | Lair:5   | 16330 ||| INVOKING Finesse.
 16373 | Lair:5   | 16373 ||| Stepping ~*~*~tactically~*~*~ (hiding).
 16383 | Lair:5   | 16383 ||| INVOKING Heroism.
 16496 | Lair:5   | 16496 ||| Stepping ~*~*~tactically~*~*~ (hiding).
 16545 | Lair:5   | 16545 ||| Stepping ~*~*~tactically~*~*~ (stealth).
 16547 | Lair:5   | 16547 ||| INVOKING Heroism.
 16572 | Lair:5   | Identified the +1 chain mail of the Jolly Wishes {rF+
                  | Int+7}
 16756 | Lair:5   | 16756 ||| Stepping ~*~*~tactically~*~*~ (stealth).
 16757 | Lair:5   | 16757 ||| Stepping ~*~*~tactically~*~*~ (stealth).
 16854 | Lair:5   | 16854 ||| INVOKING Heroism.
 16919 | Lair:5   | 16919 ||| INVOKING Heroism.
 17118 | Lair:5   | 17118 ||| INVOKING Heroism.
 17123 | Lair:5   | Reached skill level 12 in Shields
 17185 | Lair:5   | 17185 ||| PLANNING D:1-11
 17390 | D:11     | 17390 ||| INVOKING Heroism.
 17574 | D:11     | 17574 ||| INVOKING Heroism.
 17852 | D:11     | 17852 ||| PLANNING D
 17890 | D:12     | 17890 ||| INVOKING Heroism.
 17907 | D:12     | Found a staircase to the Orcish Mines.
 17918 | D:12     | 17918 ||| READING scroll of enchant armour.
 17918 | D:12     | 17918 ||| ENCHANTING +1 cloak.
 17976 | D:12     | 17976 ||| Stepping ~*~*~tactically~*~*~ (hiding).
 18246 | D:12     | 18246 ||| Stepping ~*~*~tactically~*~*~ (hiding).
 18255 | D:12     | 18255 ||| INVOKING Heroism.
 18434 | D:12     | 18434 ||| Stepping ~*~*~tactically~*~*~ (hiding).
 18987 | D:13     | 18987 ||| INVOKING Heroism.
 19234 | D:13     | Reached skill level 15 in Axes
 19252 | D:13     | 19252 ||| Stepping ~*~*~tactically~*~*~ (hiding).
 19293 | D:13     | 19293 ||| INVOKING Heroism.
 19305 | D:13     | Received a gift from Okawaru
 19389 | D:13     | Found a faded altar of an unknown god.
 19711 | D:13     | 19711 ||| READING scroll of enchant armour.
 19711 | D:13     | 19711 ||| ENCHANTING +0 plate armour.
 19824 | D:13     | 19824 ||| Stepping ~*~*~tactically~*~*~ (stealth).
 19832 | D:13     | 19832 ||| INVOKING Heroism.
 19834 | D:13     | 19834 ||| READING 4 scrolls of teleportation.
 19985 | D:13     | 19985 ||| Stepping ~*~*~tactically~*~*~ (hiding).
 20042 | D:13     | 20042 ||| UPGRADING to +0 helmet.
 20057 | D:14     | Reached XP level 15. HP: 94/94 MP: 22/22
 20081 | D:14     | 20081 ||| INVOKING Heroism.
 20092 | D:14     | 20092 ||| READING 4 scrolls of teleportation.
 20106 | D:14     | Noticed Nessos
 20107 | D:14     | 20107 ||| INVOKING Finesse.
 20109 | D:14     | Noticed Louise
 20113 | D:14     | Killed Nessos
 20118 | D:14     | Reached skill level 11 in Armour
 20122 | D:14     | Killed Louise
 20208 | D:14     | 20208 ||| Stepping ~*~*~tactically~*~*~ (stealth).
 20286 | D:14     | 20286 ||| INVOKING Heroism.
 20299 | D:14     | Reached skill level 12 in Fighting
 20429 | D:14     | 20429 ||| INVOKING Heroism.
 20639 | D:14     | Found a gate to the Vaults.
 20744 | D:14     | 20744 ||| Stepping ~*~*~tactically~*~*~ (hiding).
 20752 | D:14     | Received a gift from Okawaru
 21063 | D:14     | 21063 ||| UPGRADING to +0 tower shield.
 21073 | D:14     | 21073 ||| DROPPING +2 kite shield of reflection.
 21156 | D:15     | Entered Level 15 of the Dungeon
 21157 | D:15     | 21157 ||| PLANNING GAUNTLET
 21166 | D:15     | 21166 ||| Stepping ~*~*~tactically~*~*~ (hiding).
 21167 | D:15     | 21167 ||| Stepping ~*~*~tactically~*~*~ (hiding).
 21169 | D:15     | 21169 ||| Stepping ~*~*~tactically~*~*~ (hiding).
 21170 | D:15     | 21170 ||| Stepping ~*~*~tactically~*~*~ (hiding).
 21380 | D:15     | Noticed Kirke
 21381 | D:15     | 21381 ||| INVOKING Heroism.
 21382 | D:15     | 21382 ||| INVOKING Finesse.
 21389 | D:15     | Killed Kirke
 21482 | D:15     | 21482 ||| Stepping ~*~*~tactically~*~*~ (hiding).
 21626 | D:15     | 21626 ||| INVOKING Heroism.
 21627 | D:15     | 21627 ||| Stepping ~*~*~tactically~*~*~ (hiding).
 21628 | D:15     | 21628 ||| Stepping ~*~*~tactically~*~*~ (hiding).
 21670 | D:15     | 21670 ||| Stepping ~*~*~tactically~*~*~ (hiding).
 21701 | D:15     | Received a gift from Okawaru
 21707 | D:15     | 21707 ||| RIP GAUNTLET
 21720 | D:15     | 21720 ||| PLANNING D
 21720 | D:15     | 21720 ||| Stepping ~*~*~tactically~*~*~ (stealth).
 21835 | D:15     | 21835 ||| INVOKING Heroism.
 21935 | D:15     | 21935 ||| FLEEEEING.
 21937 | D:15     | 21937 ||| INVOKING Heroism.
 22048 | D:15     | Found an opulent altar of Gozag.
 22244 | D:15     | 22244 ||| INVOKING Heroism.
 22356 | D:15     | 22356 ||| Stepping ~*~*~tactically~*~*~ (hiding).
 22472 | D:15     | Found a staircase to the Depths.
 22472 | D:15     | Noticed a frost giant
 22482 | D:15     | 22482 ||| INVOKING Heroism.
 22484 | D:15     | Killed a frost giant
 22798 | D:15     | 22798 ||| INVOKING Heroism.
 22938 | D:15     | 22938 ||| Stepping ~*~*~tactically~*~*~ (hiding).
 22946 | D:15     | 22946 ||| Stepping ~*~*~tactically~*~*~ (hiding).
 23104 | D:15     | 23104 ||| PLANNING ORC
 23104 | D:15     | 23104 ||| UPGRADING to +1 pair of gloves of dexterity.
 23114 | D:15     | 23114 ||| DROPPING +2 pair of gloves.
 23247 | Orc:1    | Entered Level 1 of the Orcish Mines
 23250 | Orc:1    | 23250 ||| Stepping ~*~*~tactically~*~*~ (hiding).
 23251 | Orc:1    | 23251 ||| Stepping ~*~*~tactically~*~*~ (hiding).
 23256 | Orc:1    | 23256 ||| INVOKING Heroism.
 23379 | Orc:2    | Entered Level 2 of the Orcish Mines
 23519 | Orc:2    | Noticed Sonja
 23520 | Orc:2    | 23520 ||| INVOKING Finesse.
 23526 | Orc:2    | 23526 ||| INVOKING Heroism.
 23529 | Orc:2    | Killed Sonja
 23592 | Orc:2    | 23592 ||| INVOKING Heroism.
 23611 | Orc:2    | Found a staircase to the Elven Halls.
 23625 | Orc:2    | 23625 ||| INVOKING Heroism.
 23654 | Orc:2    | 23654 ||| FLEEEEING.
 23655 | Orc:2    | 23655 ||| Stepping ~*~*~tactically~*~*~ (hiding).
 23657 | Orc:2    | 23657 ||| Stepping ~*~*~tactically~*~*~ (hiding).
 23832 | Orc:2    | 23832 ||| Stepping ~*~*~tactically~*~*~ (stealth).
 23837 | Orc:2    | 23837 ||| Stepping ~*~*~tactically~*~*~ (hiding).
 24070 | Orc:2    | 24070 ||| Stepping ~*~*~tactically~*~*~ (hiding).
 24071 | Orc:2    | 24071 ||| Stepping ~*~*~tactically~*~*~ (stealth).
 24074 | Orc:2    | 24074 ||| Stepping ~*~*~tactically~*~*~ (hiding).
 24094 | Orc:2    | 24094 ||| Stepping ~*~*~tactically~*~*~ (stealth).
 24096 | Orc:2    | 24096 ||| Stepping ~*~*~tactically~*~*~ (hiding).
 24113 | Orc:2    | 24113 ||| INVOKING Heroism.
 24160 | Orc:2    | Found Wuuggusm's General Store.
 24160 | Orc:2    | Found Ecey's Book Boutique.
 24161 | Orc:2    | Found Doivup's Book Shop.
 24165 | Orc:2    | Found Jikh's Distillery.
 24171 | Orc:2    | 24171 ||| BUYING potion of attraction (36 gold).
 24171 | Orc:2    | Bought a potion of attraction for 36 gold pieces
 24171 | Orc:2    | 24171 ||| BUYING potion of attraction (36 gold).
 24171 | Orc:2    | Bought a potion of attraction for 36 gold pieces
 24171 | Orc:2    | 24171 ||| BUYING potion of attraction (36 gold).
 24171 | Orc:2    | Bought a potion of attraction for 36 gold pieces
 24171 | Orc:2    | 24171 ||| BUYING potion of haste (120 gold).
 24171 | Orc:2    | Bought a potion of haste for 120 gold pieces
 24171 | Orc:2    | 24171 ||| BUYING potion of heal wounds (60 gold).
 24171 | Orc:2    | Bought a potion of heal wounds for 60 gold pieces
 24171 | Orc:2    | 24171 ||| BUYING potion of lignification (36 gold).
 24171 | Orc:2    | Bought a potion of lignification for 36 gold pieces
 24171 | Orc:2    | 24171 ||| BUYING potion of might (48 gold).
 24171 | Orc:2    | Bought a potion of might for 48 gold pieces
 24171 | Orc:2    | 24171 ||| BUYING potion of mutation (96 gold).
 24171 | Orc:2    | Bought a potion of mutation for 96 gold pieces
 24171 | Orc:2    | 24171 ||| BUYING potion of mutation (96 gold).
 24171 | Orc:2    | Bought a potion of mutation for 96 gold pieces
 24334 | Orc:2    | 24334 ||| INVOKING Heroism.
 24440 | Orc:2    | Found a runed translucent door.
 24920 | Orc:1    | 24920 ||| Stepping ~*~*~tactically~*~*~ (stealth).
 24922 | Orc:1    | 24922 ||| INVOKING Heroism.
 25005 | Orc:1    | Reached skill level 15 in Shields
 25156 | Orc:1    | 25156 ||| PLANNING SWAMP:1-3
 25324 | Swamp:1  | Entered Level 1 of the Swamp
 25341 | Swamp:1  | 25341 ||| Stepping ~*~*~tactically~*~*~ (stealth).
 25343 | Swamp:1  | 25343 ||| Stepping ~*~*~tactically~*~*~ (stealth).
 25344 | Swamp:1  | 25344 ||| Stepping ~*~*~tactically~*~*~ (stealth).
 25348 | Swamp:1  | 25348 ||| Stepping ~*~*~tactically~*~*~ (stealth).
 25351 | Swamp:1  | 25351 ||| Stepping ~*~*~tactically~*~*~ (stealth).
 25353 | Swamp:1  | 25353 ||| Stepping ~*~*~tactically~*~*~ (stealth).
 25357 | Swamp:1  | 25357 ||| Stepping ~*~*~tactically~*~*~ (stealth).
 25368 | Swamp:1  | 25368 ||| Stepping ~*~*~tactically~*~*~ (stealth).
 25369 | Swamp:1  | 25369 ||| Stepping ~*~*~tactically~*~*~ (stealth).
 25370 | Swamp:1  | 25370 ||| Stepping ~*~*~tactically~*~*~ (stealth).
 25371 | Swamp:1  | 25371 ||| Stepping ~*~*~tactically~*~*~ (stealth).
 25372 | Swamp:1  | 25372 ||| Stepping ~*~*~tactically~*~*~ (stealth).
 25376 | Swamp:1  | 25376 ||| Stepping ~*~*~tactically~*~*~ (stealth).
 25380 | Swamp:1  | 25380 ||| Stepping ~*~*~tactically~*~*~ (stealth).
 25382 | Swamp:1  | 25382 ||| Stepping ~*~*~tactically~*~*~ (stealth).
 25383 | Swamp:1  | 25383 ||| Stepping ~*~*~tactically~*~*~ (stealth).
 25384 | Swamp:1  | 25384 ||| Stepping ~*~*~tactically~*~*~ (stealth).
 25387 | Swamp:1  | 25387 ||| Stepping ~*~*~tactically~*~*~ (stealth).
 25388 | Swamp:1  | 25388 ||| Stepping ~*~*~tactically~*~*~ (stealth).
 25391 | Swamp:1  | 25391 ||| Stepping ~*~*~tactically~*~*~ (stealth).
 25396 | Swamp:1  | 25396 ||| Stepping ~*~*~tactically~*~*~ (stealth).
 25398 | Swamp:1  | 25398 ||| Stepping ~*~*~tactically~*~*~ (stealth).
 25462 | Swamp:1  | Reached XP level 16. HP: 101/101 MP: 23/23
 25466 | Swamp:1  | 25466 ||| Stepping ~*~*~tactically~*~*~ (hiding).
 25574 | Swamp:1  | 25574 ||| Stepping ~*~*~tactically~*~*~ (stealth).
 25665 | Swamp:1  | 25665 ||| INVOKING Heroism.
 25667 | Swamp:1  | Noticed Roxanne
 25672 | Swamp:1  | 25672 ||| Stepping ~*~*~tactically~*~*~ (hiding).
 25712 | Swamp:1  | Killed Roxanne
 25900 | Swamp:1  | Identified the +0 kite shield "Xajur" {Harm rC+}
 25900 | Swamp:1  | Noticed Donald
 25901 | Swamp:1  | 25901 ||| INVOKING Heroism.
 25913 | Swamp:1  | Killed Donald
 25967 | Swamp:1  | 25967 ||| Stepping ~*~*~tactically~*~*~ (hiding).
 25969 | Swamp:1  | 25969 ||| INVOKING Heroism.
 26377 | Swamp:2  | 26377 ||| STAIRDANCE
 26470 | Swamp:2  | 26470 ||| INVOKING Heroism.
 26651 | Swamp:2  | 26651 ||| INVOKING Heroism.
 26659 | Swamp:2  | Noticed Jorgrun
 26660 | Swamp:2  | 26660 ||| INVOKING Finesse.
 26697 | Swamp:2  | Killed Jorgrun
 26885 | Swamp:2  | Identified the +8 shortbow "Jujap" {freeze, rCorr Dex+7}
 26989 | Swamp:2  | 26989 ||| INVOKING Heroism.
 26994 | Swamp:2  | Received a gift from Okawaru
 27214 | Swamp:3  | 27214 ||| INVOKING Heroism.
 27354 | Swamp:3  | 27354 ||| Stepping ~*~*~tactically~*~*~ (hiding).
 27356 | Swamp:3  | 27356 ||| Stepping ~*~*~tactically~*~*~ (hiding).
 27468 | Swamp:3  | 27468 ||| INVOKING Heroism.
 27641 | Swamp:3  | 27641 ||| INVOKING Heroism.
 27841 | Swamp:3  | 27841 ||| INVOKING Heroism.
 27933 | Swamp:3  | Noticed a thorn hunter
 27934 | Swamp:3  | 27934 ||| Stepping ~*~*~tactically~*~*~ (stealth).
 27936 | Swamp:3  | 27936 ||| Stepping ~*~*~tactically~*~*~ (hiding).
 27937 | Swamp:3  | 27937 ||| Stepping ~*~*~tactically~*~*~ (hiding).
 27941 | Swamp:3  | 27941 ||| INVOKING Heroism.
 27942 | Swamp:3  | 27942 ||| INVOKING Finesse.
 27949 | Swamp:3  | Killed a thorn hunter
 28065 | Swamp:3  | 28065 ||| PLANNING SPIDER:1-3
 28065 | Swamp:3  | 28065 ||| DROPPING scarf of invisibility.
 28141 | Spider:1 | Entered Level 1 of the Spider Nest
 28143 | Spider:1 | 28143 ||| INVOKING Heroism.
 28246 | Spider:1 | 28246 ||| Stepping ~*~*~tactically~*~*~ (stealth).
 28265 | Spider:1 | 28265 ||| INVOKING Heroism.
 28286 | Spider:1 | 28286 ||| Stepping ~*~*~tactically~*~*~ (stealth).
 28289 | Spider:1 | 28289 ||| Stepping ~*~*~tactically~*~*~ (stealth).
 28316 | Spider:1 | Reached skill level 12 in Armour
 28349 | Spider:1 | 28349 ||| INVOKING Heroism.
 28353 | Spider:1 | Received a gift from Okawaru
 28517 | Spider:1 | 28517 ||| INVOKING Heroism.
 28820 | Spider:1 | 28820 ||| Stepping ~*~*~tactically~*~*~ (stealth).
 28822 | Spider:1 | 28822 ||| Stepping ~*~*~tactically~*~*~ (hiding).
 28829 | Spider:1 | 28829 ||| INVOKING Finesse.
 28832 | Spider:1 | 28832 ||| INVOKING Heroism.
 28838 | Spider:1 | 28838 ||| Stepping ~*~*~tactically~*~*~ (stealth).
 29055 | Spider:1 | 29055 ||| Stepping ~*~*~tactically~*~*~ (stealth).
 29061 | Spider:1 | 29061 ||| Stepping ~*~*~tactically~*~*~ (stealth).
 29152 | Spider:1 | 29152 ||| Stepping ~*~*~tactically~*~*~ (stealth).
 29154 | Spider:1 | 29154 ||| INVOKING Finesse.
 29226 | Spider:1 | 29226 ||| Stepping ~*~*~tactically~*~*~ (stealth).
 29243 | Spider:1 | 29243 ||| Stepping ~*~*~tactically~*~*~ (stealth).
 29576 | Spider:2 | Found a runed translucent gate.
 29576 | Spider:2 | Found a runed translucent gate.
 29577 | Spider:2 | Noticed qw's ghost (adept GrFi)
 29578 | Spider:2 | 29578 ||| STAIRDANCE
 29608 | Spider:2 | Found a runed translucent gate.
 29681 | Spider:2 | 29681 ||| Stepping ~*~*~tactically~*~*~ (stealth).
 29682 | Spider:2 | 29682 ||| Stepping ~*~*~tactically~*~*~ (stealth).
 29688 | Spider:2 | 29688 ||| INVOKING Heroism.
 29712 | Spider:2 | 29712 ||| Stepping ~*~*~tactically~*~*~ (stealth).
 29751 | Spider:2 | Identified the +6 dagger of Circular Logic {vorpal, rPois
                  | rC+ Dex+7 Stlth-}
 29765 | Spider:2 | 29765 ||| INVOKING Heroism.
 29770 | Spider:2 | 29770 ||| INVOKING Finesse.
 29779 | Spider:2 | Reached XP level 17. HP: 72/106 MP: 17/24
 29809 | Spider:2 | Received a gift from Okawaru
 29837 | Spider:2 | 29837 ||| INVOKING Heroism.
 30031 | Spider:2 | 30031 ||| Stepping ~*~*~tactically~*~*~ (stealth).
 30032 | Spider:2 | 30032 ||| Stepping ~*~*~tactically~*~*~ (stealth).
 30033 | Spider:2 | 30033 ||| Stepping ~*~*~tactically~*~*~ (stealth).
 30034 | Spider:2 | 30034 ||| FLEEEEING.
 30059 | Spider:2 | 30059 ||| Stepping ~*~*~tactically~*~*~ (stealth).
 30060 | Spider:2 | 30060 ||| Stepping ~*~*~tactically~*~*~ (stealth).
 30105 | Spider:2 | 30105 ||| INVOKING Heroism.
 30143 | Spider:2 | 30143 ||| INVOKING Finesse.
 30345 | Spider:2 | 30345 ||| Stepping ~*~*~tactically~*~*~ (hiding).
 30346 | Spider:2 | 30346 ||| Stepping ~*~*~tactically~*~*~ (stealth).
 30349 | Spider:2 | 30349 ||| INVOKING Heroism.
 30540 | Spider:2 | 30540 ||| DROPPING amulet of guardian spirit.
 30564 | Spider:3 | 30564 ||| STAIRDANCE
 30630 | Spider:3 | 30630 ||| STAIRDANCE
 30739 | Spider:3 | 30739 ||| INVOKING Heroism.
 30773 | Spider:3 | 30773 ||| Stepping ~*~*~tactically~*~*~ (stealth).
 30781 | Spider:3 | 30781 ||| INVOKING Heroism.
 30966 | Spider:3 | 30966 ||| Stepping ~*~*~tactically~*~*~ (stealth).
 30973 | Spider:3 | Identified the +10 sling of Inukual {venom, Str+3 SInv}
                  | (Okawaru gifted it to you on level 3 of the Spider Nest)
 30973 | Spider:3 | Received a gift from Okawaru
 30978 | Spider:3 | 30978 ||| INVOKING Heroism.
 30991 | Spider:3 | 30991 ||| Stepping ~*~*~tactically~*~*~ (stealth).
 30995 | Spider:3 | 30995 ||| Stepping ~*~*~tactically~*~*~ (stealth).
 31001 | Spider:3 | 31001 ||| Stepping ~*~*~tactically~*~*~ (stealth).
 31049 | Spider:3 | 31049 ||| Stepping ~*~*~tactically~*~*~ (stealth).
 31051 | Spider:3 | 31051 ||| Stepping ~*~*~tactically~*~*~ (hiding).
 31061 | Spider:3 | 31061 ||| DRINKING 5 potions of curing.
 31061 | Spider:3 | 31061 ||| (to cure confusion)
 31062 | Spider:3 | 31062 ||| INVOKING Heroism.
 31294 | Spider:3 | 31294 ||| Stepping ~*~*~tactically~*~*~ (stealth).
 31300 | Spider:3 | 31300 ||| INVOKING Heroism.
 31372 | Spider:3 | 31372 ||| INVOKING Heroism.
 31375 | Spider:3 | 31375 ||| DRINKING 4 potions of curing.
 31375 | Spider:3 | 31375 ||| (to cure confusion)
 31382 | Spider:3 | Reached skill level 6 in Dodging
 31406 | Spider:3 | 31406 ||| INVOKING Finesse.
 31553 | Spider:3 | 31553 ||| PLANNING SWAMP:4
 31553 | Spider:3 | 31553 ||| DROPPING +1 cloak.
 31554 | Spider:3 | 31554 ||| UPGRADING to amulet of the acrobat.
 31707 | Swamp:4  | Entered Level 4 of the Swamp
 31708 | Swamp:4  | 31708 ||| STAIRDANCE
 31713 | Swamp:4  | 31713 ||| STAIRDANCE
 31724 | Swamp:4  | 31724 ||| INVOKING Heroism.
 31743 | Swamp:4  | 31743 ||| Stepping ~*~*~tactically~*~*~ (stealth).
 31780 | Swamp:4  | 31780 ||| INVOKING Heroism.
 31893 | Swamp:4  | 31893 ||| INVOKING Heroism.
 31945 | Swamp:4  | Received a gift from Okawaru
 31958 | Swamp:4  | Found a hazy altar of Hepliaklqana.
 31968 | Swamp:4  | 31968 ||| INVOKING Heroism.
 31969 | Swamp:4  | 31969 ||| INVOKING Finesse.
 32076 | Swamp:4  | 32076 ||| INVOKING Heroism.
 32078 | Swamp:4  | 32078 ||| INVOKING Finesse.
 32088 | Swamp:4  | Reached skill level 13 in Armour
 32121 | Swamp:4  | 32121 ||| FLEEEEING.
 32122 | Swamp:4  | 32122 ||| FLEEEEING.
 32400 | Swamp:4  | 32400 ||| INVOKING Heroism.
 32405 | Swamp:4  | 32405 ||| Stepping ~*~*~tactically~*~*~ (stealth).
 32409 | Swamp:4  | 32409 ||| Stepping ~*~*~tactically~*~*~ (hiding).
 32410 | Swamp:4  | 32410 ||| Stepping ~*~*~tactically~*~*~ (hiding).
 32411 | Swamp:4  | 32411 ||| Stepping ~*~*~tactically~*~*~ (hiding).
 32416 | Swamp:4  | 32416 ||| Stepping ~*~*~tactically~*~*~ (stealth).
 32427 | Swamp:4  | Identified the +4 scale mail of the Moon Troll {Int+3}
 32685 | Swamp:4  | 32685 ||| INVOKING Heroism.
 32883 | Swamp:4  | 32883 ||| Stepping ~*~*~tactically~*~*~ (hiding).
 32885 | Swamp:4  | 32885 ||| Stepping ~*~*~tactically~*~*~ (hiding).
 32887 | Swamp:4  | 32887 ||| INVOKING Heroism.
 32900 | Swamp:4  | 32900 ||| READING 6 scrolls of teleportation.
 32910 | Swamp:4  | Identified the +5 ring mail of Agnosticism {Str+3 Int+2}
                  | (Okawaru gifted it to you on level 4 of the Swamp)
 32910 | Swamp:4  | Received a gift from Okawaru
 32925 | Swamp:4  | 32925 ||| INVOKING Heroism.
 32971 | Swamp:4  | 32971 ||| INVOKING Heroism.
 32972 | Swamp:4  | 32972 ||| READING 5 scrolls of teleportation.
 32973 | Swamp:4  | 32973 ||| Stepping randomly (cloudy).
 33056 | Swamp:4  | 33056 ||| Stepping ~*~*~tactically~*~*~ (stealth).
 33077 | Swamp:4  | 33077 ||| Stepping ~*~*~tactically~*~*~ (stealth).
 33125 | Swamp:4  | 33125 ||| Stepping ~*~*~tactically~*~*~ (hiding).
 33126 | Swamp:4  | 33126 ||| Stepping ~*~*~tactically~*~*~ (hiding).
 33134 | Swamp:4  | 33134 ||| Stepping ~*~*~tactically~*~*~ (hiding).
 33145 | Swamp:4  | 33145 ||| Stepping ~*~*~tactically~*~*~ (stealth).
 33159 | Swamp:4  | 33159 ||| Stepping ~*~*~tactically~*~*~ (hiding).
 33160 | Swamp:4  | 33160 ||| Stepping ~*~*~tactically~*~*~ (hiding).
 33264 | Swamp:4  | 33264 ||| INVOKING Heroism.
 33296 | Swamp:4  | 33296 ||| INVOKING Heroism.
 33315 | Swamp:4  | 33315 ||| Stepping ~*~*~tactically~*~*~ (hiding).
 33431 | Swamp:4  | 33431 ||| Stepping ~*~*~tactically~*~*~ (hiding).
 33434 | Swamp:4  | 33434 ||| Stepping ~*~*~tactically~*~*~ (stealth).
 33449 | Swamp:4  | 33449 ||| Stepping ~*~*~tactically~*~*~ (stealth).
 33454 | Swamp:4  | 33454 ||| Stepping ~*~*~tactically~*~*~ (hiding).
 33461 | Swamp:4  | 33461 ||| INVOKING Heroism.
 33481 | Swamp:4  | Reached XP level 18. HP: 92/114 MP: 25/25
 33535 | Swamp:4  | 33535 ||| INVOKING Heroism.
 33537 | Swamp:4  | 33537 ||| Stepping ~*~*~tactically~*~*~ (cloud).
 33561 | Swamp:4  | 33561 ||| Stepping ~*~*~tactically~*~*~ (hiding).
 33564 | Swamp:4  | Reached skill level 18 in Axes
 33669 | Swamp:4  | Got a decaying rune of Zot
 33775 | Swamp:4  | 33775 ||| PLANNING VAULTS:1-4
 34017 | Vaults:1 | Entered Level 1 of the Vaults
 34203 | Vaults:1 | 34203 ||| Stepping ~*~*~tactically~*~*~ (stealth).
 34206 | Vaults:1 | 34206 ||| INVOKING Heroism.
 34253 | Vaults:1 | You are sucked into a shaft and drop 1 floor!
 34254 | Vaults:2 | 34254 ||| INVOKING Heroism.
 34419 | Vaults:2 | 34419 ||| INVOKING Heroism.
 34461 | Vaults:2 | 34461 ||| DRINKING 2 potions of cancellation.
 34465 | Vaults:2 | Noticed Xtahua
 34480 | Vaults:2 | 34480 ||| INVOKING Heroism.
 34484 | Vaults:2 | HP: 12/116 [Xtahua/searing blast (20)]
 34485 | Vaults:2 | 34485 ||| READING 5 scrolls of teleportation.
 34486 | Vaults:2 | 34486 ||| DRINKING 12 potions of heal wounds.
 34487 | Vaults:2 | 34487 ||| DRINKING 11 potions of heal wounds.
 34490 | Vaults:2 | HP: 27/116 [Xtahua] (6)]
 34490 | Vaults:2 | Found a staircase to the Crypt.
 34490 | Vaults:2 | Found a basalt altar of Yredelemnul.
 34490 | Vaults:2 | Found an ancient bone altar of Kikubaaqudgha.
 34800 | Vaults:2 | 34800 ||| Stepping ~*~*~tactically~*~*~ (hiding).
 34809 | Vaults:2 | 34809 ||| INVOKING Heroism.
 34997 | Vaults:2 | Reached skill level 18 in Shields
 35004 | Vaults:2 | 35004 ||| INVOKING Heroism.
 35029 | Vaults:2 | HP: 15/116 [ironbound frostheart/creeping frost (16)]
 35030 | Vaults:2 | 35030 ||| READING 4 scrolls of teleportation.
 35031 | Vaults:2 | 35031 ||| DRINKING 10 potions of heal wounds.
 35358 | Vaults:2 | 35358 ||| Stepping ~*~*~tactically~*~*~ (hiding).
 35362 | Vaults:2 | 35362 ||| INVOKING Heroism.
 35363 | Vaults:2 | 35363 ||| INVOKING Finesse.
 35380 | Vaults:2 | Killed Xtahua
 35550 | Vaults:2 | 35550 ||| DROPPING ring of willpower.
 35551 | Vaults:2 | 35551 ||| READING 24 scrolls of identify.
 35551 | Vaults:2 | 35551 ||| IDENTIFYING fizzy sapphire potion
 35572 | Vaults:1 | 35572 ||| INVOKING Heroism.
 35599 | Vaults:1 | Reached skill level 14 in Armour
 35714 | Vaults:1 | 35714 ||| INVOKING Heroism.
 35715 | Vaults:1 | 35715 ||| Stepping ~*~*~tactically~*~*~ (stealth).
 35717 | Vaults:1 | 35717 ||| Stepping ~*~*~tactically~*~*~ (stealth).
 35729 | Vaults:1 | 35729 ||| Stepping ~*~*~tactically~*~*~ (stealth).
 35743 | Vaults:1 | Received a gift from Okawaru
 35784 | Vaults:1 | 35784 ||| INVOKING Heroism.
 35809 | Vaults:1 | Identified the +7 hand axe of Valiance {drain, rN+}
                  | (Okawaru gifted it to you on level 1 of the Vaults)
 35809 | Vaults:1 | Received a gift from Okawaru
 35837 | Vaults:1 | 35837 ||| INVOKING Heroism.
 35851 | Vaults:1 | Reached skill level 15 in Fighting
 35881 | Vaults:1 | 35881 ||| INVOKING Heroism.
 35882 | Vaults:1 | 35882 ||| Stepping ~*~*~tactically~*~*~ (stealth).
 36171 | Vaults:1 | 36171 ||| Stepping ~*~*~tactically~*~*~ (stealth).
 36174 | Vaults:1 | 36174 ||| Stepping ~*~*~tactically~*~*~ (stealth).
 36176 | Vaults:1 | 36176 ||| INVOKING Heroism.
 36178 | Vaults:1 | 36178 ||| INVOKING Finesse.
 36257 | Vaults:1 | 36257 ||| INVOKING Heroism.
 36258 | Vaults:1 | 36258 ||| INVOKING Finesse.
 36267 | Vaults:1 | Reached XP level 19. HP: 124/124 MP: 19/26
 36510 | Vaults:1 | 36510 ||| Stepping ~*~*~tactically~*~*~ (hiding).
 36521 | Vaults:1 | 36521 ||| INVOKING Finesse.
 36645 | Vaults:1 | Reached skill level 15 in Armour
 36737 | Vaults:1 | 36737 ||| READING 3 scrolls of teleportation.
 37000 | Vaults:1 | 37000 ||| READING 2 scrolls of teleportation.
 37025 | Vaults:1 | 37025 ||| Stepping ~*~*~tactically~*~*~ (hiding).
 37223 | Vaults:2 | 37223 ||| INVOKING Heroism.
 37389 | Vaults:2 | 37389 ||| INVOKING Heroism.
 37666 | Vaults:2 | 37666 ||| INVOKING Heroism.
 37674 | Vaults:2 | Received a gift from Okawaru
 37713 | Vaults:2 | 37713 ||| INVOKING Heroism.
 37724 | Vaults:2 | Received a gift from Okawaru
 37855 | Vaults:2 | 37855 ||| DROPPING +2 broad axe of electrocution.
 38130 | Vaults:2 | Noticed Frederick
 38131 | Vaults:2 | 38131 ||| INVOKING Heroism.
 38132 | Vaults:2 | 38132 ||| INVOKING Finesse.
 38139 | Vaults:2 | Killed Frederick
 38220 | Vaults:2 | 38220 ||| Stepping ~*~*~tactically~*~*~ (stealth).
 38225 | Vaults:2 | 38225 ||| INVOKING Heroism.
 38230 | Vaults:2 | Reached skill level 6 in Throwing
 38342 | Vaults:2 | 38342 ||| READING scroll labelled MAOWKA ECEITZIUSUKH.
 38369 | Vaults:3 | 38369 ||| PLANNING DESOLATION
 38397 | Vaults:3 | 38397 ||| Stepping ~*~*~tactically~*~*~ (stealth).
 38399 | Vaults:3 | 38399 ||| Stepping ~*~*~tactically~*~*~ (hiding).
 38400 | Vaults:3 | 38400 ||| INVOKING Heroism.
 38407 | Vaults:3 | 38407 ||| Stepping ~*~*~tactically~*~*~ (stealth).
 38482 | Vaults:3 | 38482 ||| Stepping ~*~*~tactically~*~*~ (stealth).
 38494 | Vaults:3 | 38494 ||| INVOKING Heroism.
 38571 | Vaults:3 | 38571 ||| Stepping ~*~*~tactically~*~*~ (stealth).
 38579 | Vaults:3 | 38579 ||| INVOKING Heroism.
 38589 | Vaults:3 | Received a gift from Okawaru
 38646 | Vaults:3 | 38646 ||| Stepping ~*~*~tactically~*~*~ (hiding).
 38920 | Vaults:3 | Found a crumbling gateway.
 38929 | Desolati | Entered the Desolation of Salt
 38944 | Desolati | 38944 ||| INVOKING Heroism.
 39018 | Desolati | 39018 ||| INVOKING Heroism.
 39135 | Desolati | Found the +15 Maxwell's patent armour {-Cast -Tele rElec
                  | Will+ rCorr}
 39142 | Desolati | Identified the amulet "Sunnuka" {Reflect Str+4 SH+5}
 39157 | Desolati | Identified the +6 morningstar "Luwy" {vorpal, rPois rN+++
                  | MP+9 Dex-4}
 39176 | Desolati | 39176 ||| INVOKING Heroism.
 39349 | Desolati | Reached XP level 20. HP: 125/131 MP: 27/27
 39355 | Desolati | Received a gift from Okawaru
 39470 | Desolati | Reached skill level 9 in Throwing
 39519 | Desolati | 39519 ||| INVOKING Heroism.
 39558 | Desolati | 39558 ||| INVOKING Heroism.
 39654 | Desolati | 39654 ||| Stepping ~*~*~tactically~*~*~ (hiding).
 39656 | Desolati | 39656 ||| INVOKING Heroism.
 39764 | Desolati | Found the +5 glaive of the Guard {elec, spectral, AC+5}
 39769 | Desolati | Identified the +1 leather armour "Xulaxab" {-Tele Will+++
                  | Slay+5 Stlth+}
 39833 | Desolati | 39833 ||| INVOKING Heroism.
 39876 | Desolati | Identified the +6 long sword "Lifebane" {pain, Str+7}
 39926 | Desolati | Reached skill level 16 in Armour
 39933 | Desolati | 39933 ||| INVOKING Heroism.
 40074 | Desolati | 40074 ||| Stepping ~*~*~tactically~*~*~ (hiding).
 40075 | Desolati | 40075 ||| Stepping ~*~*~tactically~*~*~ (hiding).
 40077 | Desolati | 40077 ||| Stepping ~*~*~tactically~*~*~ (hiding).
 40109 | Desolati | 40109 ||| Stepping ~*~*~tactically~*~*~ (hiding).
 40182 | Desolati | Identified the +5 long sword "Bofa" {freeze, Dex+5}
 40240 | Desolati | 40240 ||| UPGRADING to amulet "Sunnuka" {Reflect Str+4
                  | SH+5}.
 40250 | Desolati | 40250 ||| DROPPING amulet of the acrobat.
 40316 | Vaults:3 | 40316 ||| PLANNING VAULTS:1-4
 40343 | Vaults:3 | 40343 ||| INVOKING Heroism.
 40427 | Vaults:3 | Identified the +9 arbalest "Goinat" {penet, rC+ Dex+2}
 40429 | Vaults:3 | Identified the +6 arbalest "Wynelov" {venom, Dex+4}
 40431 | Vaults:3 | Identified the +8 triple crossbow "Iraigg" {venom, rPois
                  | Will+ MP+9}
 40500 | Vaults:3 | Received a gift from Okawaru
 40606 | Vaults:3 | 40606 ||| Stepping ~*~*~tactically~*~*~ (hiding).
 40607 | Vaults:3 | 40607 ||| Stepping ~*~*~tactically~*~*~ (hiding).
 40608 | Vaults:3 | 40608 ||| INVOKING Heroism.
 40610 | Vaults:3 | 40610 ||| Stepping ~*~*~tactically~*~*~ (hiding).
 40629 | Vaults:3 | Received a gift from Okawaru
 40675 | Vaults:3 | Identified the +8 battleaxe "Soagega" {elec, Fly rF- Str+4}
 40729 | Vaults:3 | 40729 ||| INVOKING Heroism.
 40751 | Vaults:3 | Received a gift from Okawaru
 40853 | Vaults:3 | 40853 ||| INVOKING Heroism.
 40854 | Vaults:3 | 40854 ||| INVOKING Finesse.
 40916 | Vaults:3 | 40916 ||| Stepping ~*~*~tactically~*~*~ (hiding).
 40991 | Vaults:3 | 40991 ||| INVOKING Heroism.
 41005 | Vaults:3 | Reached skill level 9 in Dodging
 41012 | Vaults:3 | Reached ****** piety under Okawaru
 41211 | Vaults:3 | 41211 ||| INVOKING Heroism.
 41216 | Vaults:3 | Received a gift from Okawaru
 41385 | Vaults:3 | 41385 ||| DROPPING +0 helmet of intelligence.
 41479 | Vaults:4 | 41479 ||| INVOKING Heroism.
 41602 | Vaults:4 | 41602 ||| Stepping ~*~*~tactically~*~*~ (hiding).
 41607 | Vaults:4 | 41607 ||| INVOKING Heroism.
 41934 | Vaults:4 | 41934 ||| INVOKING Heroism.
 42153 | Vaults:4 | 42153 ||| Stepping ~*~*~tactically~*~*~ (hiding).
 42154 | Vaults:4 | 42154 ||| Stepping ~*~*~tactically~*~*~ (hiding).
 42161 | Vaults:4 | 42161 ||| Stepping ~*~*~tactically~*~*~ (hiding).
 42171 | Vaults:4 | Reached XP level 21. HP: 139/139 MP: 28/28
 42228 | Vaults:4 | 42228 ||| Stepping ~*~*~tactically~*~*~ (stealth).
 42230 | Vaults:4 | 42230 ||| Stepping ~*~*~tactically~*~*~ (stealth).
 42235 | Vaults:4 | 42235 ||| INVOKING Heroism.
 42352 | Vaults:4 | 42352 ||| INVOKING Finesse.
 42356 | Vaults:4 | Reached skill level 17 in Armour
 42417 | Vaults:4 | 42417 ||| Stepping ~*~*~tactically~*~*~ (stealth).
 42421 | Vaults:4 | 42421 ||| INVOKING Heroism.
 42479 | Vaults:4 | 42479 ||| Stepping ~*~*~tactically~*~*~ (stealth).
 42480 | Vaults:4 | 42480 ||| Stepping ~*~*~tactically~*~*~ (stealth).
 42568 | Vaults:4 | 42568 ||| Stepping ~*~*~tactically~*~*~ (stealth).
 42584 | Vaults:4 | 42584 ||| INVOKING Heroism.
 42821 | Vaults:4 | 42821 ||| INVOKING Heroism.
 42888 | Vaults:4 | 42888 ||| Stepping ~*~*~tactically~*~*~ (stealth).
 42893 | Vaults:4 | 42893 ||| Stepping ~*~*~tactically~*~*~ (stealth).
 42937 | Vaults:4 | 42937 ||| PLANNING SPIDER:4
 42937 | Vaults:4 | 42937 ||| DROPPING +1 chain mail of the Jolly Wishes {rF+
                  | Int+7}.
 42938 | Vaults:4 | 42938 ||| UPGRADING to +2 plate armour of fire resistance.
 42948 | Vaults:4 | 42948 ||| DROPPING +1 plate armour.
 42949 | Vaults:4 | 42949 ||| UPGRADING to +3 plate armour of cold resistance.
 43292 | Spider:4 | Entered Level 4 of the Spider Nest
 43293 | Spider:4 | 43293 ||| STAIRDANCE
 43339 | Spider:4 | 43339 ||| INVOKING Heroism.
 43440 | Spider:4 | 43440 ||| Stepping ~*~*~tactically~*~*~ (stealth).
 43442 | Spider:4 | 43442 ||| Stepping ~*~*~tactically~*~*~ (stealth).
 43447 | Spider:4 | 43447 ||| INVOKING Heroism.
 43452 | Spider:4 | Reached skill level 18 in Fighting
 43498 | Spider:4 | 43498 ||| FLEEEEING.
 43499 | Spider:4 | 43499 ||| FLEEEEING.
 43500 | Spider:4 | 43500 ||| FLEEEEING.
 43501 | Spider:4 | 43501 ||| FLEEEEING.
 43502 | Spider:4 | 43502 ||| FLEEEEING.
 43505 | Spider:4 | 43505 ||| FLEEEEING.
 43506 | Spider:4 | 43506 ||| FLEEEEING.
 43507 | Spider:4 | 43507 ||| FLEEEEING.
 43508 | Spider:4 | 43508 ||| FLEEEEING.
 43509 | Spider:4 | 43509 ||| FLEEEEING.
 43536 | Spider:4 | 43536 ||| Stepping ~*~*~tactically~*~*~ (stealth).
 43543 | Spider:4 | 43543 ||| INVOKING Heroism.
 43548 | Spider:4 | Received a gift from Okawaru
 43568 | Spider:4 | 43568 ||| Stepping ~*~*~tactically~*~*~ (stealth).
 43592 | Spider:4 | 43592 ||| INVOKING Heroism.
 43830 | Spider:4 | 43830 ||| INVOKING Heroism.
 43834 | Spider:4 | 43834 ||| Stepping ~*~*~tactically~*~*~ (stealth).
 43836 | Spider:4 | 43836 ||| Stepping ~*~*~tactically~*~*~ (stealth).
 43870 | Spider:4 | 43870 ||| Stepping ~*~*~tactically~*~*~ (hiding).
 43871 | Spider:4 | 43871 ||| Stepping ~*~*~tactically~*~*~ (hiding).
 43872 | Spider:4 | 43872 ||| Stepping ~*~*~tactically~*~*~ (hiding).
 43893 | Spider:4 | 43893 ||| INVOKING Heroism.
 43899 | Spider:4 | 43899 ||| Stepping ~*~*~tactically~*~*~ (hiding).
 43924 | Spider:4 | 43924 ||| Stepping ~*~*~tactically~*~*~ (stealth).
 44189 | Spider:4 | 44189 ||| INVOKING Heroism.
 44378 | Spider:4 | Got a gossamer rune of Zot
 44577 | Spider:4 | 44577 ||| Stepping ~*~*~tactically~*~*~ (stealth).
 44579 | Spider:4 | 44579 ||| INVOKING Heroism.
 44582 | Spider:4 | 44582 ||| Stepping ~*~*~tactically~*~*~ (hiding).
 44697 | Spider:4 | 44697 ||| INVOKING Heroism.
 44788 | Spider:4 | Received a gift from Okawaru
 44802 | Spider:4 | 44802 ||| Stepping ~*~*~tactically~*~*~ (stealth).
 44807 | Spider:4 | 44807 ||| INVOKING Heroism.
 44926 | Spider:4 | 44926 ||| PLANNING DEPTHS
 44926 | Spider:4 | 44926 ||| DROPPING scarf of shadows.
 44927 | Spider:4 | 44927 ||| DROPPING scarf of invisibility.
 44928 | Spider:4 | 44928 ||| DROPPING ring of see invisible.
 45228 | Depths:1 | Entered Level 1 of the Depths
 45244 | Depths:1 | 45244 ||| INVOKING Heroism.
 45255 | Depths:1 | Reached skill level 18 in Armour
 45264 | Depths:1 | 45264 ||| INVOKING Finesse.
 45293 | Depths:1 | Found a broken altar of Ashenzari.
 45309 | Depths:1 | 45309 ||| Stepping ~*~*~tactically~*~*~ (stealth).
 45316 | Depths:1 | 45316 ||| INVOKING Heroism.
 45394 | Depths:1 | 45394 ||| Stepping ~*~*~tactically~*~*~ (hiding).
 45395 | Depths:1 | 45395 ||| Stepping ~*~*~tactically~*~*~ (hiding).
 45403 | Depths:1 | Received a gift from Okawaru
 45767 | Depths:1 | 45767 ||| INVOKING Heroism.
 45768 | Depths:1 | 45768 ||| INVOKING Finesse.
 45810 | Depths:1 | 45810 ||| Stepping ~*~*~tactically~*~*~ (stealth).
 45812 | Depths:1 | 45812 ||| Stepping ~*~*~tactically~*~*~ (stealth).
 45816 | Depths:1 | 45816 ||| Stepping ~*~*~tactically~*~*~ (hiding).
 45934 | Depths:1 | Noticed Asterion
 45935 | Depths:1 | 45935 ||| INVOKING Heroism.
 45936 | Depths:1 | 45936 ||| INVOKING Finesse.
 45955 | Depths:1 | Killed Asterion
 46050 | Depths:1 | Found a one-way gate to the infinite horrors of the Abyss.
 46109 | Depths:1 | Found a gateway to Hell.
 46496 | Depths:2 | 46496 ||| INVOKING Finesse.
 46509 | Depths:2 | 46509 ||| INVOKING Heroism.
 46555 | Depths:2 | 46555 ||| Stepping ~*~*~tactically~*~*~ (hiding).
 46556 | Depths:2 | 46556 ||| INVOKING Finesse.
 46599 | Depths:2 | Noticed Sojobo
 46600 | Depths:2 | 46600 ||| Stepping ~*~*~tactically~*~*~ (hiding).
 46603 | Depths:2 | 46603 ||| INVOKING Heroism.
 46624 | Depths:2 | 46624 ||| INVOKING Finesse.
 46636 | Depths:2 | Killed Sojobo
 46807 | Depths:2 | 46807 ||| Stepping ~*~*~tactically~*~*~ (hiding).
 46811 | Depths:2 | 46811 ||| INVOKING Heroism.
 46863 | Depths:2 | 46863 ||| Stepping ~*~*~tactically~*~*~ (stealth).
 46870 | Depths:2 | 46870 ||| INVOKING Heroism.
 46994 | Depths:2 | Reached XP level 22. HP: 108/149 MP: 29/29
 47068 | Depths:2 | 47068 ||| Stepping ~*~*~tactically~*~*~ (stealth).
 47128 | Depths:2 | 47128 ||| Stepping ~*~*~tactically~*~*~ (hiding).
 47257 | Depths:2 | 47257 ||| Stepping ~*~*~tactically~*~*~ (stealth).
 47260 | Depths:2 | 47260 ||| Stepping ~*~*~tactically~*~*~ (hiding).
 47337 | Depths:2 | 47337 ||| INVOKING Heroism.
 47375 | Depths:2 | 47375 ||| INVOKING Heroism.
 47493 | Depths:2 | 47493 ||| Stepping ~*~*~tactically~*~*~ (stealth).
 47494 | Depths:2 | 47494 ||| INVOKING Heroism.
 47497 | Depths:2 | Received a gift from Okawaru
 47727 | Depths:2 | 47727 ||| INVOKING Heroism.
 47728 | Depths:2 | 47728 ||| INVOKING Finesse.
 47873 | Depths:2 | Found a one-way gate leading to the halls of Pandemonium.
 47874 | Depths:2 | 47874 ||| Stepping ~*~*~tactically~*~*~ (hiding).
 47879 | Depths:2 | 47879 ||| INVOKING Heroism.
 47980 | Depths:2 | 47980 ||| Stepping ~*~*~tactically~*~*~ (stealth).
 47981 | Depths:2 | 47981 ||| Stepping ~*~*~tactically~*~*~ (stealth).
 48255 | Depths:2 | 48255 ||| STAIRDANCE
 48268 | Depths:2 | 48268 ||| STAIRDANCE
 48281 | Depths:2 | 48281 ||| STAIRDANCE
 48287 | Depths:1 | 48287 ||| INVOKING Heroism.
 48477 | Depths:3 | 48477 ||| INVOKING Heroism.
 48478 | Depths:3 | 48478 ||| INVOKING Finesse.
 48479 | Depths:3 | 48479 ||| Stepping ~*~*~tactically~*~*~ (stealth).
 48769 | Depths:3 | Found a one-way gateway to a ziggurat.
 48819 | Depths:3 | 48819 ||| Stepping ~*~*~tactically~*~*~ (hiding).
 48829 | Depths:3 | 48829 ||| INVOKING Heroism.
 48830 | Depths:3 | 48830 ||| INVOKING Finesse.
 48885 | Depths:3 | 48885 ||| Stepping ~*~*~tactically~*~*~ (stealth).
 48886 | Depths:3 | 48886 ||| Stepping ~*~*~tactically~*~*~ (hiding).
 48891 | Depths:3 | 48891 ||| INVOKING Heroism.
 48906 | Depths:3 | 48906 ||| Stepping ~*~*~tactically~*~*~ (hiding).
 48910 | Depths:3 | Received a gift from Okawaru
 48913 | Depths:3 | 48913 ||| INVOKING Finesse.
 49011 | Depths:3 | Found a transporter.
 49016 | Depths:3 | Noticed a caustic shrike
 49027 | Depths:3 | Found a transporter.
 49028 | Depths:3 | Noticed a caustic shrike
 49046 | Depths:3 | Found a transporter.
 49063 | Depths:3 | Found a transporter.
 49063 | Depths:3 | Found a transporter.
 49158 | Depths:3 | Found Hank's Pet Rocks.
 49176 | Depths:3 | 49176 ||| Stepping ~*~*~tactically~*~*~ (hiding).
 49186 | Depths:3 | 49186 ||| INVOKING Heroism.
 49471 | Depths:3 | 49471 ||| BUYING +0 crystal plate armour (1520 gold).
 49471 | Depths:3 | Bought a +0 crystal plate armour for 1520 gold pieces
 49617 | Depths:3 | Found a portal to a secret trove of treasure.
 49648 | Depths:3 | 49648 ||| UPGRADING to +0 crystal plate armour.
 49685 | Depths:2 | Noticed a golden dragon
 49686 | Depths:2 | 49686 ||| INVOKING Heroism.
 49692 | Depths:2 | Reached skill level 19 in Armour
 49697 | Depths:2 | Killed a golden dragon
 49771 | Depths:2 | 49771 ||| INVOKING Finesse.
 49777 | Depths:2 | Received a gift from Okawaru
 49815 | Depths:2 | 49815 ||| INVOKING Heroism.
 49974 | Depths:4 | Entered Level 4 of the Depths
 49975 | Depths:4 | 49975 ||| INVOKING Heroism.
 49983 | Depths:4 | 49983 ||| INVOKING Finesse.
 50013 | Depths:4 | 50013 ||| Stepping ~*~*~tactically~*~*~ (stealth).
 50053 | Depths:4 | 50053 ||| Stepping ~*~*~tactically~*~*~ (stealth).
 50056 | Depths:4 | 50056 ||| Stepping ~*~*~tactically~*~*~ (stealth).
 50207 | Depths:4 | 50207 ||| INVOKING Heroism.
 50222 | Depths:4 | Reached skill level 20 in Armour
 50229 | Depths:4 | Noticed a golden dragon
 50230 | Depths:4 | 50230 ||| INVOKING Finesse.
 50238 | Depths:4 | Killed a golden dragon
 50275 | Depths:4 | 50275 ||| Stepping ~*~*~tactically~*~*~ (hiding).
 50278 | Depths:4 | 50278 ||| INVOKING Heroism.
 50279 | Depths:4 | 50279 ||| Stepping ~*~*~tactically~*~*~ (hiding).
 50279 | Depths:4 | Noticed a golden dragon
 50280 | Depths:4 | 50280 ||| Stepping ~*~*~tactically~*~*~ (hiding).
 50298 | Depths:4 | 50298 ||| INVOKING Finesse.
 50313 | Depths:4 | Killed a golden dragon
 50537 | Depths:4 | Found a gate to the Realm of Zot.
 50577 | Depths:4 | 50577 ||| Stepping ~*~*~tactically~*~*~ (hiding).
 50592 | Depths:4 | Found Qitek's Assorted Antiques.
 50597 | Depths:4 | 50597 ||| Stepping ~*~*~tactically~*~*~ (hiding).
 50645 | Depths:4 | 50645 ||| BUYING scroll of enchant weapon (285 gold).
 50645 | Depths:4 | Bought a scroll of enchant weapon for 285 gold pieces
 50657 | Depths:4 | 50657 ||| Stepping ~*~*~tactically~*~*~ (hiding).
 50791 | Depths:4 | Noticed a caustic shrike
 50791 | Depths:4 | Noticed a caustic shrike
 50791 | Depths:4 | Noticed a caustic shrike
 50792 | Depths:4 | 50792 ||| Stepping ~*~*~tactically~*~*~ (hiding).
 50797 | Depths:4 | 50797 ||| INVOKING Heroism.
 50818 | Depths:4 | Killed a caustic shrike
 50818 | Depths:4 | Killed a caustic shrike
 50819 | Depths:4 | 50819 ||| INVOKING Finesse.
 50831 | Depths:4 | Killed a caustic shrike
 50840 | Depths:4 | 50840 ||| INVOKING Heroism.
 50842 | Depths:4 | 50842 ||| Stepping ~*~*~tactically~*~*~ (hiding).
 50985 | Depths:4 | 50985 ||| Stepping ~*~*~tactically~*~*~ (stealth).
 51026 | Depths:4 | 51026 ||| INVOKING Heroism.
 51028 | Depths:4 | 51028 ||| INVOKING Finesse.
 51053 | Depths:4 | 51053 ||| Stepping ~*~*~tactically~*~*~ (stealth).
 51061 | Depths:4 | 51061 ||| Stepping ~*~*~tactically~*~*~ (stealth).
 51062 | Depths:4 | 51062 ||| Stepping ~*~*~tactically~*~*~ (stealth).
 51073 | Depths:4 | Reached skill level 21 in Armour
 51138 | Depths:4 | 51138 ||| Stepping ~*~*~tactically~*~*~ (stealth).
 51141 | Depths:4 | 51141 ||| Stepping ~*~*~tactically~*~*~ (stealth).
 51150 | Depths:4 | Noticed Vv
 51151 | Depths:4 | 51151 ||| INVOKING Heroism.
 51152 | Depths:4 | 51152 ||| Stepping ~*~*~tactically~*~*~ (hiding).
 51154 | Depths:4 | 51154 ||| Stepping ~*~*~tactically~*~*~ (hiding).
 51161 | Depths:4 | Reached XP level 23. HP: 155/155 MP: 28/30
 51162 | Depths:4 | 51162 ||| DRINKING 2 potions of resistance.
 51163 | Depths:4 | 51163 ||| INVOKING Finesse.
 51198 | Depths:4 | HP: 26/155 [Vv/creeping frost (31)]
 51199 | Depths:4 | 51199 ||| READING 7 scrolls of teleportation.
 51199 | Depths:4 | HP: 12/155 [Vv (15)]
 51199 | Depths:4 | Slain by Vv

Levels and vault maps discovered:
D:1:      erik_arrival_orb_chamber, layout_basic
D:2:      layout_basic, nrook_mini_vaults, st_stairs_9, minmay_hexomino_p4
D:3:      layout_rooms
D:4:      layout_basic, serial_shops, shop, gup_ossuary_entry_pyramid,
          guppyfry_early_lair_pool
D:5:      layout_basic, serial_curves, eino_curves_03, eino_curves_03,
          eino_curves_01
D:6:      layout_rooms, roderic_serpentine_path, uniq_pikel, uniq_duvessa
D:7:      layout_loops_cross, minmay_temple_entry_nine_rooms, kennysheep_potato
D:8:      layout_layer_cave
D:9:      layout_stronghold, serial_undead, serial_undead_b, serial_undead_f,
          serial_undead_d, serial_undead_d
D:10:     minmay_the_grid_triangle_9x9_rhombus_thin_mashed
          [minmay_the_grid_triangle_9x9_wacky_v,
          minmay_the_grid_triangle_9x9_prize_special,
          minmay_the_grid_triangle_9x9_checkered,
          minmay_the_grid_triangle_9x9_from_above], layout_loops_cross,
          mainiacjoe_overflow_alcove_2, lair_entry_dummy
D:11:     layout_rooms
D:12:     layout_grid_maze, orc_0_dummy
D:13:     layout_irregular_city, serial_column_ruins,
          column_ruins_temple_circle, column_ruins_open_small,
          column_ruins_grid_1, column_ruins_open_medium,
          column_ruins_corridor_straight, column_ruins_grid_4,
          column_ruins_grid_4, grunt_ministairs_5
D:14:     minmay_general_purpose_star, layout_cross, david_vaults_1,
          serial_column_ruins, column_ruins_hut_ruined,
          column_ruins_courtyard_long, column_ruins_grid_2, column_ruins_grid_1,
          column_ruins_open_tiny, column_ruins_open_small_water, chequers_jeans,
          minivault_10, uniq_louise, uniq_nessos
D:15:     grunt_enter_depths_snipers, layout_gridville, gauntlet_entry_generic,
          grunt_gozag_breadcrumbs, chequers_serial_rivers_micro_e, uniq_kirke
Temple:   minmay_crystal_snake_temple
Lair:1:   layout_regular_city, uniq_fannar, uniq_erica, uniq_joseph
Lair:2:   gammafunk_boulding_lane, layout_long_grid, skrybe_swamp_entry_bodies,
          hellmonk_spider_entry_life_and_decay, minivault_23,
          hibernation_bobbens, lemuel_fruit_tree
Lair:3:   layout_regular_city, st_stairs_5, uniq_amaemon, uniq_urug
Lair:4:   dpeg_oklob_gauntlet, layout_regular_city, st_stairs_11,
          nzn_masters_of_martial_movement, grunt_megastairs_3
Lair:5:   hangedman_lair_in_review, layout_gridlike, slime_entry_1,
          portal_ice_cave_entry_pillars_2, serial_bayou, serial_bayou_pond_b,
          serial_bayou_pond_b, serial_bayou_pond_b, serial_bayou_pond_e,
          serial_bayou_ford_a
Swamp:1:  layout_falls_marsh, serial_swamp_ruin, hangedman_swamp_ruin_wall,
          evilmike_swamp_ruin_wall, swamp_pool3, uniq_donald, uniq_roxanne
Swamp:2:  layout_basic_swamp, evilmike_swamp_ruin_house_6, uniq_jorgrun
Swamp:3:  layout_basic_swamp, evilmike_swamp_ruin_rubble_2
Swamp:4:  nzn_swamp_witches_coven, layout_basic_swamp, lemuel_altar_in_water,
          swamp_pool1, nicolae_swamp_well_well_well, infiniplex_staircase_pool
Spider:1: layout_spider_delve
Spider:2: layout_spider_delve, gammafunk_ghost_split
Spider:3: layout_spider_delve
Spider:4: spider_rune_water, hellmonk_spider_spawner
Orc:1:    layout_diamond_mine, nooodl_orcs_dogs
Orc:2:    st_orc_mages, layout_diamond_mine, lightli_church_of_beogh, uniq_sonja
Vaults:1: nicolae_vaults_ninety_degrees, ontoclasm_vaults_ring_large,
          nicolae_vaults_network_quinsquares
          [nicolae_vaults_network_quincunx_subvault,
          nicolae_vaults_network_quincunx_subvault,
          nicolae_vaults_network_quincunx_subvault,
          nicolae_vaults_network_quincunx_subvault],
          hangedman_vaults_restitches, hangedman_vaults_river_flow, v_misc_29,
          ontoclasm_vaults_gallery, grunt_vaults_hallway_long, v_pattern_5,
          v_misc_19, ontoclasm_vaults_claustrophobia, layout_vaults_maze_snakey
Vaults:2: nicolae_vaults_little_squares_5, vaults_room_fancy_cross,
          nicolae_vaults_ring_of_whatevers, hangedman_vaults_snaps, v_misc_10,
          nicolae_vaults_murderbox, minmay_crypt_entry_necro_gods, v_misc_16,
          v_misc_32, nicolae_vaults_border_crossing, vaults_room_door_ring,
          vaults_dpeg_hooks, layout_vaults_omnicross, uniq_frederick,
          uniq_xtahua
Vaults:3: portal_desolation_entry_ruin, st_hourglassy, hangedman_vaults_trim,
          grunt_vaults_trifunnel, vaults_dpeg_cross, vaults_dpeg_emergency_exit,
          nicolae_vaults_rhombus_5, nicolae_vaults_sealed_display,
          nicolae_vaults_yaktaur_gun_rack, hangedman_vaults_stitches,
          vaults_room_door_ring, ontoclasm_vaults_misaligned, v_misc_11,
          ontoclasm_vaults_fault, nicolae_vaults_asterisk, layout_vaults_omnibox
Vaults:4: v_misc_5, ontoclasm_vaults_bender, v_misc_5,
          grunt_vaults_hallway_short, hangedman_vaults_variations,
          vaults_room_hallway, v_misc_19, ontoclasm_vaults_loading_screen,
          layout_vaults_ring
Depths:1: layout_honeycomb, grunt_decor_fettered, abyss_entry_crystal,
          hell_entry, amcnicky_mini_corridor_feature,
          hangedman_abyss_or_decor_jellyfish_corner, minmay_misc_feat_diagonals,
          evilmike_ruin_ashenzari, uniq_asterion
Depths:2: minmay_connected_triangles_in_corner, layout_gridville,
          rand_demon_pan_entry_9, grunt_decor_resistance, hell_entry,
          nicolae_fountain_basement, uniq_sojobo
Depths:3: gammafunk_the_bubble [the_bubble_gammafunk_roulette], layout_basic,
          enter_ziggurat_b, serial_bayou_pond_e, abyss_entry,
          nicolae_trove_entry_path_of_doom, pf_coc_iceberg, guppyfry_shop_earth,
          infiniplex_staircase_pillars_2
Depths:4: evilmike_zot_entry_hall, layout_basic, serial_shops, shop, pan_entry,
          serial_rivers, chequers_serial_rivers_large_a,
          chequers_serial_rivers_small_b, chequers_serial_rivers_micro_c,
          chequers_serial_rivers_micro_e, chequers_serial_rivers_micro_c,
          lightli_too_deep, abyss_entry_flame_altar, uniq_vv

Skill      XL: |  1  2  3  4  5  6  7  8  9 10 11 12 13 14 15 16 17 18 19 20 21 22 |
---------------+-------------------------------------------------------------------+-----
Axes           | 2 3 4 5 7 8 10 11 12 13 15 16 17 18 | 18.0
Dodging        | 2 3 4 5 6 7 9 10 | 10.0
Fighting       | 4 6 7 8 9 10 11 12 13 15 16 17 19 | 19.0
Shields        | 4 5 8 11 12 15 17 18 19 20 | 20.2
Throwing       | 1 4 5 8 10 | 10.9
Armour         | 5 7 8 9 10 11 12 13 14 15 16 18 21 | 21.2
Invocations    | 4 7 10 | 10.1

Action                   |  1- 3 |  4- 6 |  7- 9 | 10-12 | 13-15 | 16-18 | 19-21 | 22-24 || total
-------------------------+-------+-------+-------+-------+-------+-------+-------+-------++-------
Melee: War axe           |   124 |    29 |       |       |       |       |       |       ||   153
       Broad axe         |       |    64 |   191 |   390 |   905 |  1265 |  1342 |   535 ||  4692
Throw: Boomerang         |       |       |    28 |    69 |    46 |    99 |    28 |    24 ||   294
       Javelin           |       |       |       |       |   130 |    32 |   102 |    28 ||   292
Invok: Heroism           |       |       |       |    21 |    43 |    55 |    48 |    19 ||   186
       Finesse           |       |       |       |     3 |     9 |    12 |    10 |    11 ||    45
  Use: Scroll            |    10 |     3 |     5 |     9 |     5 |     5 |     3 |     1 ||    41
       Potion            |     1 |     1 |     1 |     4 |       |     6 |       |     1 ||    14
 Stab: Distracted        |       |       |       |     1 |     1 |     1 |       |       ||     3
Armor: Scale mail        |    59 |    45 |    42 |       |       |       |       |       ||   146
       Chain mail        |       |       |    55 |    28 |       |       |       |       ||    83
       Plate armour      |       |       |       |   228 |   280 |   372 |   315 |    54 ||  1249
       Crystal plate arm |       |       |       |       |       |       |       |    89 ||    89
Dodge: Dodged            |    50 |    36 |   104 |   225 |   257 |   369 |   398 |   155 ||  1594
Block: Buckler           |    24 |     8 |    56 |   100 |       |       |       |       ||   188
       Kite shield       |       |       |       |    50 |   347 |       |       |       ||   397
       Reflection        |       |       |       |       |    10 |       |    26 |     8 ||    44
       Tower shield      |       |       |       |       |   258 |  1124 |  1232 |   480 ||  3094

Table legend:
 A = Non-vault XP
 B = Vault XP
 C = Vault XP percentage of total XP
 D = Non-vault monster count
 E = Vault monster count
 F = Vault count percentage of total count
                 A         B        C        D         E       F
            +---------+---------+-------+---------+---------+-------
      Total |  425128 |  287656 |  40.4 |    1016 |     501 |  33.0
            +---------+---------+-------+---------+---------+-------
        D:1 |      27 |       0 |   0.0 |      16 |       0 |   0.0
        D:2 |      31 |      19 |  38.0 |      18 |       5 |  21.7
        D:3 |      51 |       0 |   0.0 |      15 |       0 |   0.0
        D:4 |     346 |      44 |  11.3 |      17 |       3 |  15.0
        D:5 |     729 |       0 |   0.0 |      18 |       0 |   0.0
        D:6 |     686 |     815 |  54.3 |       9 |       3 |  25.0
        D:7 |     906 |     301 |  24.9 |      21 |       4 |  16.0
        D:8 |    1405 |       0 |   0.0 |      25 |       0 |   0.0
        D:9 |    2911 |    2326 |  44.4 |      34 |      20 |  37.0
       D:10 |    1038 |    6995 |  87.1 |       7 |      18 |  72.0
       D:11 |    4027 |       0 |   0.0 |      13 |       0 |   0.0
       D:12 |    4543 |       0 |   0.0 |      16 |       0 |   0.0
       D:13 |    6063 |    1884 |  23.7 |      18 |       2 |  10.0
       D:14 |    8951 |    6459 |  41.9 |      21 |      10 |  32.3
       D:15 |   11258 |    4138 |  26.9 |      32 |       4 |  11.1
     Lair:1 |    2735 |    2115 |  43.6 |       9 |       3 |  25.0
     Lair:2 |   11766 |    1134 |   8.8 |      36 |       3 |   7.7
     Lair:3 |    2444 |    2474 |  50.3 |      17 |       5 |  22.7
     Lair:4 |    1405 |    3023 |  68.3 |       5 |       6 |  54.5
     Lair:5 |   11190 |   12928 |  53.6 |      32 |      28 |  46.7
    Swamp:1 |    6031 |    2680 |  30.8 |      18 |       2 |  10.0
    Swamp:2 |    9765 |    1913 |  16.4 |      18 |       1 |   5.3
    Swamp:3 |   10765 |       0 |   0.0 |      25 |       0 |   0.0
    Swamp:4 |   16434 |   20850 |  55.9 |      27 |      30 |  52.6
   Spider:1 |   18817 |       0 |   0.0 |      58 |       0 |   0.0
   Spider:2 |   17170 |       0 |   0.0 |      50 |       0 |   0.0
   Spider:3 |   13835 |       0 |   0.0 |      40 |       0 |   0.0
   Spider:4 |   17850 |   23180 |  56.5 |      49 |      38 |  43.7
      Orc:1 |    1541 |    1135 |  42.4 |      11 |      12 |  52.2
      Orc:2 |    1708 |    6334 |  78.8 |      33 |      41 |  55.4
   Vaults:1 |   34359 |   23340 |  40.5 |      53 |      27 |  33.8
   Vaults:2 |   32046 |   26670 |  45.4 |      46 |      36 |  43.9
   Vaults:3 |   25497 |   35214 |  58.0 |      38 |      52 |  57.8
   Vaults:4 |   34882 |   10574 |  23.3 |      44 |      15 |  25.4
   Depths:1 |   15413 |    7409 |  32.5 |      22 |       7 |  24.1
   Depths:2 |   39395 |   21317 |  35.1 |      47 |      20 |  29.9
   Depths:3 |   20309 |    2590 |  11.3 |      22 |       3 |  12.0
   Depths:4 |   36799 |   14699 |  28.5 |      36 |      11 |  23.4
 Desolation |       0 |   45096 | 100.0 |       0 |      92 | 100.0
            +---------+---------+-------+---------+---------+-------
